 Dungeon Crawl Stone Soup version 0.28.0-45-g0d030f2227 (webtiles) character file.

Game seed: 14021467026587027591

1074872 protoss039 the Conqueror (level 27, -12/238 HPs)
             Began as a Gargoyle Earth Elementalist on Apr 25, 2022.
             Was the Champion of Vehumet.
             Killed by dispel undead
             ... invoked by a Tzitzimitl
              (51 damage)
             ... on level 24 of a ziggurat on Apr 27, 2022.
             The game lasted 09:00:48 (116436 turns).

protoss039 the Conqueror (GrEE)                   Turns: 116436, Time: 09:00:48

Health: -12/238    AC: 65    Str: 16 (17) XL:     27
Magic:  67/72      EV: 15    Int: 51      God:    Vehumet [******]
Gold:   8562       SH: 32    Dex: 10      Spells: 3/80 levels left

rFire   + + +      SeeInvis +   H - +3 Elemental Staff {rElec rF++ rC++ AC+5}
rCold   + + +      Faith    .   o - +8 tower shield {reflect}
rNeg    + + +      Spirit   .   g - quicksilver dragon scales
rPois   ∞          Reflect  +   W - +2 hat of the Dungeon {+Blink rC+ Str-2}
rElec   +          Harm     .   h - +2 cloak of the Thief {*Fog Slay-2 SInv Stlth+}
rCorr   +          Rampage  .   m - +2 pair of gloves {Dex+3}
Will    +++++      Clarity  +   V - +1 pair of boots of the Spheres {rC+ MP+9 Str+4}
Stlth   +++++..... NoTele   +   p - amulet "Siqieq" {-Tele rN+ Regen+ Int+10 Dex-3}
HPRegen 1.29/turn               U - ring of the Final Decision {Fire Will+ MP+9 Int+4 SInv}
MPRegen 0.43/turn               l - ring of Pyvvux {rCorr Str+2 Int+6}

@: lich-form, on vortex cooldown, magic-sapped, unable to cast spells, flying,
studying 7 skills, unable to read
A: draining attack, torment immunity, no potions, flying, sickness immunity, AC
+20, big wings, negative energy resistance 1, electricity resistance, torment
resistance 1, petrification resistance, hooves 1, clarity, clever 1, robust 2,
evolution 1, inability to read while threatened
}: 5/15 runes: serpentine, barnacled, silver, iron, icy
a: End Transformation, Renounce Religion, Evoke Blink


You were on level 24 of a ziggurat.
You worshipped Vehumet.
Vehumet was exalted by your worship.
You were an undead lich.
You visited 15 branches of the dungeon, and saw 74 of its levels.
You visited 2 bazaars.
You visited 2 ziggurats (completing 1), and saw 51 of their levels.
You also visited: Trove, Gauntlet, Ice Cave and Wizlab.

You collected 13082 gold pieces.
You spent 4520 gold pieces at shops.

Inventory:

Hand Weapons
 u - the +8 mithril axe "Arga" {speed, Will+}
   (You found it on level 16 of a ziggurat)

   Attacks with this weapon are significantly faster.
   Will:      It increases your willpower.
 H - the +3 Elemental Staff (weapon) {rElec rF++ rC++ AC+5}
   (You acquired it on level 2 of the Orcish Mines)

   If the wielder is skilled in Evocations, they can discharge powerful blasts
   of elemental energy when striking with it.
   It enhances your fire, ice, earth and air magic.
   AC:        It affects your AC (+5).
   rF:        It greatly protects you from fire.
   rC:        It greatly protects you from cold.
   rElec:     It insulates you from electricity.
Missiles
 c - 2021 stones
 f - 27 throwing nets
Armour
 g - quicksilver dragon scales (worn)
 h - the +2 cloak of the Thief (worn) {*Fog Slay-2 SInv Stlth+}
   (You found it in a treasure trove)

   It may release a thick cloud of smoke when the wearer is hurt.
   Slay:      It affects your accuracy & damage with ranged weapons and melee
   (-2).
   SInv:      It lets you see invisible.
   Stlth:     It makes you more stealthy.
 m - a +2 pair of gloves of dexterity (worn)
 o - a +8 tower shield of reflection (worn)
 r - the +3 pair of seven-league boots {Rampage+∞}
   (You found it in a treasure trove)

   Its wearer moves as far as possible in that direction when moving towards
   enemies.
 s - the +18 shield of the Gong {rElec rN+ Will+ EV-5}
   (You found it in a treasure trove)

   It is deafeningly noisy when blocking attacks.
   EV:        It affects your evasion (-5).
   rElec:     It insulates you from electricity.
   rN:        It protects you from negative energy.
   Will:      It increases your willpower.
 D - the +0 pair of boots of the Lair of Beasts {Int+4}
   (You found it on level 9 of a ziggurat)

   Int:       It affects your intelligence (+4).
 V - the +1 pair of boots of the Spheres (worn) {rC+ MP+9 Str+4}
   (You found it on level 15 of a ziggurat)

   Str:       It affects your strength (+4).
   rC:        It protects you from cold.
   MP:        It affects your magic capacity (+9).
 W - the +2 hat of the Dungeon (worn) {+Blink rC+ Str-2}
   (You found it in a Gauntlet)

   Str:       It affects your strength (-2).
   rC:        It protects you from cold.
   +Blink:    It lets you blink.
Jewellery
 d - the amulet "Yten" {Reflect rC+ rN+++ Will+ Dex-4 SH+5 Stlth-}
   (You found it on level 17 of a ziggurat)

   [amulet of reflection]

   It reflects blocked missile attacks.
   Dex:       It affects your dexterity (-4).
   rC:        It protects you from cold.
   rN:        It renders you almost immune to negative energy.
   SH:        It affects your SH (+5).
   Will:      It increases your willpower.
   Stlth:     It makes you less stealthy.
 e - the ring of Miracles {rPois EV+4 Int+8 Dex+5 SInv}
   (You found it on level 19 of a ziggurat)

   [ring of evasion]

   EV:        It affects your evasion (+4).
   Int:       It affects your intelligence (+8).
   Dex:       It affects your dexterity (+5).
   rPois:     It protects you from poison.
   SInv:      It lets you see invisible.
 l - the ring of Pyvvux (right hand) {rCorr Str+2 Int+6}
   (You found it on level 12 of a ziggurat)

   [ring of intelligence]

   Str:       It affects your strength (+2).
   Int:       It affects your intelligence (+6).
   rCorr:     It protects you from acid and corrosion.
 p - the amulet "Siqieq" (around neck) {-Tele rN+ Regen+ Int+10 Dex-3}
   (You bought it in a shop in a bazaar)

   [amulet of regeneration]

   Int:       It affects your intelligence (+10).
   Dex:       It affects your dexterity (-3).
   rN:        It protects you from negative energy.
   -Tele:     It prevents most forms of teleportation.
   Regen:     It increases your rate of health regeneration.
 t - the ring of Puast {rElec rF+ rCorr Str-2 Slay+5}
   (You took it off a deep elf blademaster on level 3 of the Elven Halls)

   [ring of protection from fire]

   Str:       It affects your strength (-2).
   Slay:      It affects your accuracy & damage with ranged weapons and melee
   (+5).
   rF:        It protects you from fire.
   rElec:     It insulates you from electricity.
   rCorr:     It protects you from acid and corrosion.
 A - the ring of Unticruj {rF- MP+9 Str+3 Int+6}
   (You found it on level 22 of a ziggurat)

   [ring of intelligence]

   Str:       It affects your strength (+3).
   Int:       It affects your intelligence (+6).
   rF:        It makes you vulnerable to fire.
   MP:        It affects your magic capacity (+9).
 U - the ring of the Final Decision (left hand) {Fire Will+ MP+9 Int+4 SInv}
   (You found it on level 17 of a ziggurat)

   [ring of fire]

   It enhances your fire magic.
   Int:       It affects your intelligence (+4).
   rF:        It protects you from fire.
   rC:        It makes you vulnerable to cold.
   MP:        It affects your magic capacity (+9).
   SInv:      It lets you see invisible.
   Will:      It increases your willpower.
Wands
 x - a wand of digging (13)
 y - a wand of acid (7)
 G - a wand of iceblast (57)
Scrolls
 b - 24 scrolls of holy word
 k - 50 scrolls of teleportation
 n - 10 scrolls of immolation
 w - 23 scrolls of blinking
 z - 6 scrolls of amnesia
 B - 6 scrolls of fear
 C - 40 scrolls of fog
 E - 22 scrolls of enchant weapon
 L - 19 scrolls of magic mapping
 P - 3 scrolls of summoning
 Q - 4 scrolls of brand weapon
 R - 12 scrolls of enchant armour
Potions
 i - 7 potions of might
 q - 33 potions of mutation
 v - 6 potions of ambrosia
 F - 8 potions of cancellation
 J - 39 potions of curing
 K - 17 potions of haste
 N - 21 potions of heal wounds
 O - 6 potions of invisibility
 S - 4 potions of resistance
 T - 11 potions of brilliance
 Y - 14 potions of magic
Miscellaneous
 j - the horn of Geryon
 Z - a condenser vane


   Skills:
 O Level 27 Fighting
 + Level 12.9 Staves
 O Level 27 Armour
 + Level 12.6 Dodging
 + Level 11.7 Stealth
 O Level 27 Shields
 O Level 27 Spellcasting
 - Level 24.0 Conjurations
 - Level 24.0 Necromancy
 + Level 16.7 Transmutations
 - Level 24.0 Fire Magic
 - Level 21.0 Ice Magic
 O Level 27 Earth Magic


You had 3 spell levels left.
You knew the following spells:

 Your Spells              Type           Power      Damage    Failure   Level
a - Sandblast             Erth           100%       2d20      0%          1
b - Passwall              Tmut/Erth      100%       N/A       0%          2
c - Stone Arrow           Conj/Erth      100%       3d13      0%          3
d - Necromutation         Tmut/Necr      80%        N/A       1%          8
e - Fire Storm            Conj/Fire      97%        8d25      1%          9
f - Ignition              Fire           97%        3d25      1%          8
g - Shatter               Erth           87%        3d63*     1%          9
h - Polar Vortex          Ice            81%        N/A       1%          9
i - Borgnjor's Vile Clut  Necr/Erth      99%        N/A       0%          5
j - Iron Shot             Conj/Erth      86%        9d16      0%          6
k - Lehudib's Crystal Sp  Conj/Erth      86%        10d19     1%          8
m - Death's Door          Necr           84%        N/A       1%          9

Your spell library contained the following spells:

 Spells                   Type           Power      Damage    Failure   Level
 Maxwell's Capacitive Co  Air            40%        ∞         94%         8
 Animate Skeleton         Necr           100%       N/A       0%          1
 Beastly Appendage        Tmut           100%       N/A       0%          1
 Foxfire                  Conj/Fire      100%       2x1d9     0%          1
 Freeze                   Ice            100%       1d11      0%          1
 Magic Dart               Conj           100%       1d8       0%          1
 Pain                     Necr           100%       1d9       0%          1
 Shock                    Conj/Air       100%       1d9       0%          1
 Sting                    Tmut/Pois      100%       1d8       0%          1
 Corpse Rot               Necr/Air       100%       N/A       0%          2
 Ensorcelled Hibernation  Hex/Ice        100%       N/A       0%          2
 Scorch                   Fire           100%       2d10      0%          2
 Searing Ray              Conj           100%       2d8       0%          2
 Wereblood                Tmut           100%       N/A       0%          2
 Conjure Flame            Conj/Fire      100%       6-21      0%          3
 Dazzling Flash           Conj/Hex       100%       N/A       0%          3
 Frozen Ramparts          Ice            100%       1d12      0%          3
 Ignite Poison            Fire/Tmut/Pois 100%       N/A       0%          3
 Inner Flame              Hex/Fire       100%       N/A       0%          3
 Mephitic Cloud           Conj/Pois/Air  100%       N/A       0%          3
 Ozocubu's Armour         Ice            100%       N/A       0%          3
 Vampiric Draining        Necr           100%       2d13      0%          3
 Apportation              Tloc           100%       N/A       1%          1
 Slow                     Hex            100%       N/A       1%          1
 Summon Small Mammal      Summ           100%       N/A       1%          1
 Blink                    Tloc           100%       N/A       1%          2
 Call Imp                 Summ           62%        N/A       1%          2
 Poisonous Vapours        Pois/Air       100%       N/A       1%          2
 Call Canine Familiar     Summ           62%        N/A       1%          3
 Confusing Touch          Hex            62%        N/A       1%          3
 Lesser Beckoning         Tloc           62%        N/A       1%          3
 Portal Projectile        Hex/Tloc       100%       N/A       1%          3
 Spider Form              Tmut/Pois      100%       N/A       1%          3
 Summon Guardian Golem    Hex/Summ       62%        N/A       1%          3
 Swiftness                Air            80%        N/A       1%          3
 Teleport Other           Tloc           62%        N/A       1%          3
 Tukima's Dance           Hex            62%        N/A       1%          3
 Anguish                  Hex/Necr       68%        N/A       0%          4
 Animate Armour           Summ/Erth      100%       N/A       0%          4
 Animate Dead             Necr           84%        N/A       0%          4
 Dispel Undead            Necr           100%       3d31      0%          4
 Flame Wave               Conj/Fire      100%       2d17      0%          4
 Fulminant Prism          Conj/Hex       56%        3d25      0%          4
 Hailstorm                Conj/Ice       100%       3d20      0%          4
 Iskenderun's Mystic Bla  Conj/Tloc      100%       2d19      0%          4
 Leda's Liquefaction      Hex/Erth       71%        N/A       0%          4
 Petrify                  Tmut/Erth      100%       N/A       0%          4
 Sticky Flame             Conj/Fire      100%       2d11      0%          4
 Agony                    Necr           100%       N/A       0%          5
 Blade Hands              Tmut           63%        N/A       0%          5
 Excruciating Wounds      Necr           84%        N/A       0%          5
 Fireball                 Conj/Fire      97%        3d35      0%          5
 Freezing Cloud           Conj/Ice/Air   86%        6-21      0%          5
 Iskenderun's Battlesphe  Conj           100%       2d15      0%          5
 Lee's Rapid Deconstruct  Erth           87%        3d40*     0%          5
 Death Channel            Necr           84%        N/A       0%          6
 Simulacrum               Ice/Necr       96%        N/A       0%          6
 Starburst                Conj/Fire      97%        6d24      0%          6
 Orb of Destruction       Conj           71%        9d16      0%          7
 Airstrike                Air            40%        N/A       1%          4
 Cause Fear               Hex            31%        N/A       1%          4
 Olgreb's Toxic Radiance  Pois           62%        N/A       1%          4
 Passage of Golubria      Tloc           62%        N/A       1%          4
 Summon Lightning Spire   Summ/Air       80%        N/A       1%          4
 Alistair's Intoxication  Tmut/Pois      67%        N/A       1%          5
 Lightning Bolt           Conj/Air       68%        1d93      1%          5
 Metabolic Englaciation   Hex/Ice        66%        N/A       1%          5
 Yara's Violent Unravell  Hex/Tmut       50%        3d19      1%          5
 Conjure Ball Lightning   Conj/Air       68%        3x3d25    1%          6
 Eringya's Noxious Bog    Tmut/Pois      50%        N/A       1%          6
 Haunt                    Necr/Summ      68%        N/A       1%          7
 Ozocubu's Refrigeration  Ice            81%        4d21      1%          7
 Spellforged Servitor     Conj/Summ      56%        N/A       1%          7
 Borgnjor's Revivificati  Necr           84%        N/A       1%          8
 Infestation              Necr           84%        N/A       1%          8
 Manifold Assault         Tloc           62%        N/A       4%          5
 Silence                  Hex/Air        40%        N/A       4%          5
 Summon Forest            Summ/Tloc      31%        N/A       4%          5
 Summon Mana Viper        Hex/Summ       62%        N/A       4%          5
 Storm Form               Tmut/Air       62%        N/A       4%          7
 Summon Cactus Giant      Summ           31%        N/A       28%         6
 Chain Lightning          Conj/Air       68%        3d91      32%         9
 Malign Gateway           Summ/Tloc      31%        N/A       83%         7
 Monstrous Menagerie      Summ           31%        N/A       83%         7
 Summon Hydra             Summ           31%        N/A       83%         7
 Discord                  Hex            31%        N/A       100%        8
 Disjunction              Tloc           31%        N/A       100%        8
 Summon Horrible Things   Summ           31%        N/A       100%        8
 Sublimation of Blood     Necr           Unusable   N/A       N/A         2
 Statue Form              Tmut/Erth      Unusable   N/A       N/A         6

Dungeon Overview and Level Annotations

Branches:
Dungeon (15/15)            Temple (1/1) D:6            Lair (6/6) D:11
 Shoals (4/4) Lair:3        Snake (4/4) Lair:3        Slime (0/5) Lair:5
    Orc (2/2) D:9             Elf (3/3) Orc:2        Vaults (5/5) D:14
  Crypt (3/3) Vaults:3       Tomb (0/3) Crypt:3      Depths (4/4) D:15
   Hell (visited)             Dis (7/7) Hell            Geh (0/7) Hell
    Coc (7/7) Hell            Tar (7/7) Hell            Zot (5/5) Depths:4
  IceCv (visited)          WizLab (visited)         Gauntlet (visited)

Altars:
Ashenzari
Cheibriados
Dithmenos
Elyvilon
Fedhas
Gozag
Hepliaklqana
Kikubaaqudgha
Makhleb
Nemelex Xobeh
Okawaru
Qazlal
Ru
Sif Muna
Trog
Uskayaw
Vehumet
Wu Jian
Xom
Yredelemnul
Zin
The Shining One
Lugonu

Shops:
D:6 (   D:7 *   D:10 [   D:11 ?   D:14 *   Orc:2 *?:[   Shoals:3 ?
Snake:2 :=:   Snake:3 *   Vaults:3 *   Depths:1 *   Depths:3 :[?=

Portals:
Hell: Depths:1 Depths:2 Depths:3 Depths:4
Abyss: Depths:1 Depths:3
Pandemonium: Depths:2

Annotations:
Shoals:4 2 transporters
Snake:1 Mlioglotl
Crypt:2 3 runed translucent doors, Fainec's ghost, veteran GrEE; Zoalos's ghost, veteran GrEE; yalue's ghost, adept MiFi
Crypt:3 exclusion: 3 doors


Innate Abilities, Weirdness & Mutations

You are an undead lich.
Your unarmed attacks are suffused with negative energy.
You are immune to unholy pain and torment.
Your necromantic spells are more powerful.
You cannot drink.
You are flying.
You are immune to sickness and miasma.
Your stone body is resilient. (AC +20)
You are immune to poison.
Your large and strong wings let you fly.
You resist negative energy. (rN+)
You are resistant to electric shocks. (rElec)
You are resistant to unholy torment.
You are immune to petrification.
You have large cloven feet.
You possess an exceptional clarity of mind.
Your mind is acute. (Int +2)
You are very robust. (+20% HP)
You have hidden genetic potential.
You sometimes lose the ability to read scrolls when taking damage.


Message History

The cacodemon gestures at you.
The bolt of energy hits you but does no damage.
You hear a shout! x2
Unknown command.
Unknown command.
Unknown command.
Unknown command.
Unknown command.
Unknown command.
You kill the cacodemon!
Vehumet accepts your kill.
You feel your power returning.
You regain access to your magic.
You hear a roar!
Unknown command.
Unknown command.
Unknown command.
You cannot read scrolls in your current state!
Casting: Polar Vortex (mildly dangerous; 1% risk of failure)
Confirm with . or Enter, or press ? or * to list all spells.
You feel a surge of power!
The dungeon rumbles!
The Tzitzimitl is heavily wounded.
You kill the sun demon!
Vehumet accepts your kill.
You feel your power returning.
The balrug is lightly wounded.
You kill the orange demon!
Vehumet accepts your kill.
You feel your power returning.
The demonspawn blood saint is severely wounded.
You kill the sun demon!
Vehumet accepts your kill.
You lose access to your magic!
The winds around you start to calm down.
You hear a roar!
You hear a shout!
You hear a roar! x2; You hear a shout!
The balrug rages.
The Tzitzimitl gestures at you.
You convulse!
You die...

▓.............▓
▓.............▓
▓..........§§§▓
▓..........§§§▓▓▓▓▓▓▓▓▓▓▓▓▓
...........§§§§§§§§§§§....▓
...........§§§§§§§§§§§....▓
.........4.§§§§§§§§§§§....▓
.)........§6§§§§§§§§§§....▓
.23..3...1.§§§§§L§§§§§....▓
1.3.....)..§§§§§§§§§§§....▓
.2..)....)§§§§§§§§§§§§...∩▓
3.).......§§§2§§§§§§§§....▓
)..).).)...§§1§§§§§§§§....▓
...........§§§§§§§§§§§....▓
..........................▓
.)........................▓
..........................▓


You could see a Tzitzimitl (agile), a Brimstone Fiend (agile), a demonspawn
blood saint, a balrug (berserk) and a red devil (fast).

Vanquished Creatures
  Antaeus (Coc:7)
  Dispater (Dis:7)
  10 dread liches
  12 orbs of fire
  Mara (Shoals:3)
  12 ancient liches
  Mennas (Vaults:4)
  5 juggernauts
  22 royal mummies
  Boris (twice) (Crypt:2 Depths:4)
  25 pandemonium lords
  14 Killer Klowns
  17 shard shrikes
  Saint Roka (Elf:2)
  Margery (Vaults:5)
  34 caustic shrikes
  2 curse toes
  19 golden dragons
  Geryon (Hell)
  19 profane servitors
  16 bone dragons
  29 Tzitzimimeh
  A Hellbinder (WizLab)
  11 Brimstone Fiends
  7 doom hounds
  5 hellephants
  13 electric golems
  43 iron giants
  A shard shrike zombie (Crypt:3)
  49 Hell Sentinels
  22 Ice Fiends
  34 tentacled monstrosities
  The ghost of benappo the Stickfighter, an adept GnWr of Ashenzari (Vaults:2)
  16 liches
  15 searing wretches
  A walking crystal tome (Depths:4)
  A walking divine tome (Depths:2)
  24 Orb Guardians (Zot:5)
  18 deep elf blademasters
  14 titans
  2 walking earthen tomes
  20 tainted leviathans
  15 quicksilver dragons
  6 death cobs
  12 deep elf master archers
  19 acid blobs
  A kraken (Shoals:1)
  Murray (Hell)
  Kirke (Lair:5)
  3 sphinxes (shapeshifter)
  6 sphinxes
  4 tentacled starspawn
  34 ancient champions
  10 Executioners
  6 tengu reavers
  11 shadow dragons
  31 storm dragons
  2 thorn hunters
  9 azure jellies
  Agnes (Snake:2)
  13 demonspawn warmongers
  An azure jelly (shapeshifter) (Zig:18)
  19 nagarajas
  9 revenants
  4 draconian monks
  10 draconian knights
  Donald (Elf:3)
  7 rockslimes (Zig:20)
  2 fenstrider witches (shapeshifter) (Zig:21)
  13 fire giants
  13 iron dragons
  31 narguns
  10 frost giants
  14 emperor scorpions
  4 juggernaut zombies
  11 orc warlords
  3 deep elf sorcerers
  30 balrugs
  14 vault wardens
  28 quicksilver elementals
  13 cacodemons
  21 ghost moths
  9 shard shrike simulacra
  10 draconian scorchers
  4 spectral caustic shrikes
  4 deep elf elementalists (Elf:3)
  6 draconian shifters
  10 ghouls
  A spectral juggernaut (Tar:4)
  17 ironbound preservers
  12 curse skulls
  4 quicksilver oozes (Zig:20)
  3 broodmothers
  11 draconian annihilators
  23 stone giants
  51 war gargoyles
  8 demonspawn blood saints
  7 ironbound thunderhulks
  3 draconian stormcallers
  47 very ugly things
  A caustic shrike skeleton (Zig:7)
  A stone giant (shapeshifter) (Zig:18)
  14 demonspawn corrupters
  A juggernaut skeleton (Zig:25)
  3 spriggan defenders
  11 vampire knights
  23 elemental wellsprings
  19 green draconians
  6 bennus
  7 demonspawn black suns
  3 eleionomae
  10 reapers
  18 black draconians
  15 starcursed masses
  19 deep elf demonologists
  9 lorocyprocas
  3 eleionomae (shapeshifter)
  30 putrid mouths
  15 purple draconians
  14 yellow draconians
  12 red draconians
  12 dire elephants
  10 white draconians
  Azrael (Snake:2)
  4 bunyips
  12 deep elf annihilators
  20 entropy weavers
  25 wendigos
  A minotaur (Gauntlet)
  17 spark wasps
  A crystal guardian (Zig:10)
  21 eidola
  17 ettins
  15 green deaths
  10 blizzard demons
  25 merfolk javelineers
  21 merfolk impalers
  The ghost of JackAllcraft the Thaumaturge, a journeyman DjCj of Cheibriados (Lair:1)
  40 iron golems
  Snorg (Lair:3)
  17 fire dragons
  16 mummy priests
  8 deep elf death magi
  3 jiangshi
  Fannar (Orc:1)
  3 shambling mangroves
  15 deep elf high priests
  22 naga warriors
  9 great orbs of eyes
  12 yaktaur captains
  Harold (Orc:1)
  4 spectral spriggans
  10 hell beasts
  7 rakshasas
  17 hydras
  12 ice dragons
  2 ghost crabs
  13 caustic shrike simulacra
  A fenstrider witch zombie (Crypt:2)
  6 salamander tyrants
  39 vault guards
  10 juggernaut simulacra
  5 alligator snapping turtles
  2 catoblepae (Lair:6)
  7 merfolk avatars
  A spriggan zombie (Hell)
  8 ironbound frosthearts
  4 boulder beetles
  A catoblepas (shapeshifter) (Zig:21)
  20 anacondas
  5 death knights
  3 stokers
  12 spriggan air magi
  19 centaur warriors
  A radroach (Zig:22)
  4 ogre magi
  A radroach (shapeshifter) (Zot:3)
  2 jorogumos (Zig:22)
  A fenstrider witch skeleton (Crypt:2)
  22 merfolk aquamancers
  42 dancing weapons
  5 two-headed ogres
  2 death scarabs (Zig:17)
  6 satyrs
  5 alligators
  A two-headed ogre (shapeshifter) (Zig:18)
  11 orc high priests
  7 death yaks
  8 deep troll shamans
  2 hell hogs
  3 deep troll earth magi
  2 spectral nagas
  14 vampire magi
  6 spriggan berserkers
  2 tengu warriors
  A shock serpent (shapeshifter) (Zig:18)
  3 titan zombies (Crypt:3)
  30 shock serpents
  4 thrashing horrors
  11 naga sharpshooters
  19 crystal echidnas
  10 sun demons
  Urug (Orc:1)
  11 spriggans
  23 deep elf knights
  A storm dragon zombie (Zig:25)
  A fire crab (shapeshifter) (Zig:21)
  10 soul eaters
  4 titan skeletons
  A spectral death yak (Lair:1)
  4 hell knights (Vaults:5)
  8 sixfirhies
  37 skeletal warriors
  10 pharaoh ants
  6 wretched stars
  2 deep trolls (shapeshifter)
  5 fire crabs
  5 shadow wraiths
  2 iron trolls (shapeshifter) (Zig:21)
  8 iron trolls
  6 salamander mystics
  3 goliath frogs
  2 storm dragon skeletons
  14 flayed ghosts
  A sea snake (shapeshifter) (Vaults:5)
  2 steelbarb worms (shapeshifter)
  A cherub (Zig:24)
  45 deep trolls
  A bunyip zombie (Crypt:3)
  5 spectral anacondas (Snake:3)
  2 spriggan druids
  A death drake (shapeshifter) (Zig:18)
  10 swamp dragons
  16 orb spiders
  8 shadow demons
  2 death drakes (Zig:14)
  3 quicksilver dragon simulacra
  A sun moth (Zig:15)
  An orb spider (shapeshifter) (Zig:18)
  6 spatial maelstroms
  34 sea snakes
  4 anaconda zombies
  16 ironbound convokers
  2 glowing orange brains (shapeshifter)
  3 glowing orange brains
  11 naga ritualists
  A spectral hydra (Lair:1)
  A kraken simulacrum (Hell)
  5 wizards
  4 orange crystal statues
  7 steelbarb worms
  15 deep elf archers
  A swamp dragon (shapeshifter) (Vaults:5)
  9 obsidian statues
  42 deep elf zephyrmancers
  A shadow dragon zombie (Zig:25)
  19 orc knights
  25 fauns
  5 spriggan simulacra
  19 harpies
  A fenstrider witch simulacrum (Coc:1)
  26 phantasmal warriors
  15 orc sorcerers
  5 anaconda skeletons
  10 lindwurms
  A shadow dragon skeleton (Zig:25)
  10 wolf spiders
  A spectral ettin (Tar:1)
  A stone giant zombie (Crypt:3)
  A frost giant zombie (Zig:7)
  28 deep elf pyromancers
  5 necromancers
  9 cyclopes
  A shining eye (Zig:20)
  2 tengu skeletons
  An iron dragon skeleton (Zig:17)
  A jorogumo skeleton (Crypt:2)
  2 iron dragon zombies
  13 mana vipers
  A manticore (shapeshifter) (Zig:7)
  43 ugly things
  5 will-o-the-wisps
  17 salamanders
  2 sphinx skeletons (Zig:17)
  30 manticores
  A dire elephant zombie (Crypt:1)
  13 vault sentinels
  41 moths of wrath
  21 merfolk sirens
  6 apocalypse crabs
  22 elephants
  21 guardian serpents
  2 spectral centaurs
  An eye of devastation (Zig:20)
  18 torpor snails
  A black mamba (shapeshifter) (Zig:27)
  48 black mambas
  3 titan simulacra
  21 water nymphs
  An alligator snapping turtle zombie (Crypt:3)
  13 rust devils
  5 ice statues
  A dire elephant skeleton (Crypt:2)
  23 naga magi
  7 smoke demons
  9 orange demons
  35 hellions
  A rime drake (shapeshifter) (Depths:4)
  10 cane toads
  5 gargoyles
  A storm dragon simulacrum (Coc:1)
  An unseen horror (D:13)
  A komodo dragon (shapeshifter) (Zig:18)
  A kobold demonologist (D:9)
  17 demonic crawlers
  2 orb spider zombies
  5 hellwings
  24 freezing wraiths
  3 golden dragon simulacra
  7 spectral swamp worms (Tar:7)
  13 anaconda simulacra
  9 rime drakes
  6 efreet
  16 komodo dragons
  A minotaur zombie (Crypt:3)
  A sea snake zombie (Hell)
  3 bunyip simulacra
  11 ice devils
  43 yaktaurs
  27 guardian mummies
  An iron giant simulacrum (Coc:6)
  3 tengu conjurers
  2 hydra zombies (Hell)
  4 red devils
  34 tormentors
  A spectral harpy (Tar:3)
  A wind drake (shapeshifter) (Vaults:5)
  4 harpy zombies (Crypt:3)
  A bloated husk (Zig:14)
  3 polar bears
  2 silent spectres
  A polar bear (shapeshifter) (Elf:1)
  2 trolls
  A hornet (shapeshifter) (D:15)
  2 ancient zymes (Zig:13)
  14 meliai
  10 wind drakes
  88 merfolk
  19 hornets
  A moth of wrath zombie (Crypt:1)
  4 tyrant leeches
  A spectral swamp dragon (Tar:1)
  14 tarantellas
  6 blink frogs
  A tengu simulacrum (Coc:1)
  A slime creature (shapeshifter) (Zig:18)
  16 raiju
  56 slime creatures
  18 snapping turtles
  5 stone giant simulacra
  21 air elementals
  2 snapping turtles (shapeshifter)
  19 flying skulls
  Sigmund (D:6)
  11 jumping spiders
  A culicivora (shapeshifter) (Depths:2)
  15 wraiths
  2 shadows
  10 ushabtiu
  An alligator skeleton (Hell)
  A spriggan (shapeshifter) (Zig:18)
  8 ynoxinuls
  39 water elementals
  A centaur simulacrum (Coc:1)
  7 culicivoras
  13 dire elephant simulacra
  3 wyverns
  5 steam dragons
  39 yaks
  A basilisk (shapeshifter) (Elf:1)
  6 basilisks
  8 chaos spawn
  15 fire elementals
  A golden eye (Zig:20)
  A redback (shapeshifter) (Zig:18)
  10 redbacks
  An alligator snapping turtle simulacrum (Crypt:2)
  A demonspawn zombie (Crypt:1)
  6 vampire mosquitoes
  Menkaure (D:5)
  12 large abominations
  61 nagas
  5 neqoxecs
  23 harpy simulacra
  2 spectral cane toads (Lair:1)
  2 two-headed ogre zombies (Crypt:3)
  4 swamp worms (Gauntlet)
  A naga (shapeshifter) (Zig:21)
  14 wargs
  8 hydra simulacra
  16 hell hounds
  Duvessa (D:5)
  3 floating eyes
  47 orc warriors
  15 water moccasins
  A swamp drake (Zig:8)
  A swamp drake (shapeshifter) (Depths:2)
  A faun skeleton (Crypt:1)
  9 ettin simulacra
  13 necrophages (Crypt:3)
  2 ice beasts
  4 black bears
  A black mamba simulacrum (Coc:1)
  Pargi (D:3)
  2 alligator simulacra (IceCv)
  3 centaurs
  22 ogres
  17 wolves
  2 small abominations (Zig:11)
  A salamander zombie (Crypt:1)
  A phantom (Crypt:3)
  4 kobold brigands
  16 bullfrogs
  A bullfrog (shapeshifter) (Vaults:5)
  A deep troll simulacrum (Hell)
  A wyvern zombie (Crypt:2)
  2 scorpions
  4 earth elementals
  A glowing shapeshifter simulacrum (Zig:25)
  2 naga simulacra
  8 wyvern skeletons
  Dowan (D:5)
  5 killer bees (D:7)
  8 wights (D:8)
  3 electric eels
  8 howler monkeys
  4 centaur zombies
  2 jellies (D:8)
  A bullfrog zombie (D:6)
  5 hounds
  Crazy Yiuf (D:3)
  A gnoll shaman (D:8)
  25 orc priests
  2 centaur skeletons (D:5)
  A human skeleton (Crypt:1)
  Natasha (thrice) (D:3)
  Terence (D:3)
  An iguana (D:5)
  38 orc wizards
  21 hell rats
  2 naga zombies
  A hound zombie (Crypt:1)
  A hound skeleton (D:4)
  49 mummies
  A howler monkey zombie (D:9)
  6 gnolls
  4 adders
  5 shadow imps
  2 white imps
  3 ufetubi
  An iguana skeleton (Crypt:2)
  3 worms
  4 dart slugs
  59 orcs
  A bat zombie (Crypt:2)
  8 endoplasms
  3 giant cockroaches
  3 goblins
  7 hobgoblins
  17 jackals
  3 quokkas
  5 ball pythons
  5 bats
  A dart slug zombie (Crypt:1)
  3 frilled lizards
  17 kobolds
  A kobold skeleton (Crypt:2)
  An orc zombie (Crypt:2)
  8 rats
  17 briar patches (Zig:8)
  A creeping inferno (Hell)
  15 fire vortices
4778 creatures vanquished.

Vanquished Creatures (collateral kills)
  An orb of fire (Zot:5)
  A Killer Klown (Zig:18)
  4 caustic shrikes
  A bone dragon (Tar:1)
  An Orb Guardian (Zot:5)
  An acid blob (Zig:20)
  A deep elf blademaster (Zig:27)
  A death cob (Zot:5)
  A draconian monk (Zot:4)
  A ghost moth (Zig:16)
  A draconian stormcaller (Zot:4)
  A war gargoyle (Dis:7)
  A demonspawn blood saint (WizLab)
  A ghoul (Zig:21)
  A green draconian (Zot:4)
  A black draconian (Zot:4)
  A white draconian (Zot:4)
  2 vampire knights (Zig:21)
  A purple draconian (Zot:4)
  A bunyip (Zig:8)
  A shambling mangrove (Zig:14)
  2 death scarabs (Zig:17)
  2 sun demons (WizLab)
  A spriggan simulacrum (Coc:7)
  A sphinx skeleton (Zig:17)
  A rust devil (WizLab)
  A demonic crawler (Zig:16)
  2 ice devils (WizLab)
  A hellion (WizLab)
  A slime creature (Zig:20)
  A jumping spider (Zig:22)
  A neqoxec (Zig:11)
  A harpy simulacrum (Coc:2)
  A small abomination (Zig:11)
41 creatures vanquished.

Vanquished Creatures (others)
  Asterion (Snake:1)
  A shard shrike simulacrum (Coc:1)
  A bunyip (Zig:14)
  A green death (Zig:14)
  An eidolon (Zig:15)
  A crystal echidna (Zig:20)
  A black mamba (Snake:2)
  A water elemental (Elf:1)
  A harpy simulacrum (Coc:7)
  A naga (Snake:4)
  A briar patch (Zig:8)
  14 bushes
  A creeping inferno (Hell)
  434 fire vortices
  2 foxfires (Zig:8)
  66 fungi
  180 plants
  2 starspawn tentacles (Zig:13)
  8 tentacles (Shoals:1)
  4 toadstools (Lair:1)
  12 withered plants (Crypt:3)
734 creatures vanquished.

Grand Total: 5553 creatures vanquished

Notes
Turn   | Place    | Note
-------+----------+-------------------------------------------
     0 | D:1      | protoss039 the Gargoyle Earth Elementalist began the quest
                  | for the Orb.
     0 | D:1      | Reached XP level 1. HP: 10/10 MP: 3/3
   256 | D:1      | Reached skill level 1 in Transmutations
   256 | D:1      | Reached XP level 2. HP: 15/15 MP: 0/5
   746 | D:1      | Reached XP level 3. HP: 15/19 MP: 1/6
  1634 | D:2      | Learned a level 2 spell: Passwall
  1638 | D:2      | Learned a level 3 spell: Stone Arrow
  2193 | D:2      | Reached XP level 4. HP: 24/24 MP: 7/7
  2332 | D:2      | Found a faded altar of an unknown god.
  3130 | D:3      | Noticed Pargi
  3141 | D:3      | Killed Pargi
  3142 | D:3      | Reached skill level 1 in Conjurations
  3142 | D:3      | Reached XP level 5. HP: 11/28 MP: 6/10
  3444 | D:3      | Noticed Terence
  3449 | D:3      | Killed Terence
  3590 | D:3      | Found a hide-covered altar of Uskayaw.
  3660 | D:3      | Noticed Natasha
  3668 | D:3      | Killed Natasha
  3669 | D:3      | Reached XP level 6. HP: 30/32 MP: 11/11
  3719 | D:3      | Found a runed translucent door.
  3720 | D:3      | Noticed Crazy Yiuf
  3780 | D:3      | Noticed Natasha
  3791 | D:3      | Killed Natasha
  3792 | D:3      | Reached skill level 5 in Earth Magic
  3801 | D:3      | Noticed Natasha
  3806 | D:3      | Killed Natasha
  4087 | D:3      | Killed Crazy Yiuf
  4399 | D:4      | Noticed a wyvern
  4407 | D:4      | Killed a wyvern
  4408 | D:4      | Reached skill level 1 in Fighting
  4408 | D:4      | Reached XP level 7. HP: 9/39 MP: 5/13
  4797 | D:5      | Entered Level 5 of the Dungeon
  4880 | D:5      | Noticed Dowan
  4881 | D:5      | Noticed Duvessa
  4892 | D:5      | Killed Duvessa
  4902 | D:5      | HP: 1/40 [Dowan/+0 dagger (4)]
  4905 | D:5      | Killed Dowan
  5172 | D:5      | Noticed Menkaure
  5184 | D:5      | Killed Menkaure
  5185 | D:5      | Reached skill level 5 in Spellcasting
  5185 | D:5      | Reached XP level 8. HP: 13/46 MP: 15/15
  5865 | D:6      | Found a staircase to the Ecumenical Temple.
  5883 | Temple   | Entered the Ecumenical Temple
  5994 | D:6      | Noticed Sigmund
  6011 | D:6      | Killed Sigmund
  6097 | D:6      | Noticed a shadow
  6104 | D:6      | Killed a shadow
  6389 | D:6      | Found Kaditsel's Weapon Emporium.
  6445 | D:6      | Reached XP level 9. HP: 48/50 MP: 19/19
  6454 | D:6      | Learned a level 3 spell: Mephitic Cloud
  6467 | D:6      | Reached skill level 5 in Conjurations
  6730 | D:7      | Reached skill level 1 in Armour
  6983 | D:7      | Found Zin's Purification Station.
  6983 | D:7      | Found a glowing silver altar of Zin.
  7862 | D:8      | Found a sacrificial altar of Ru.
  7870 | D:8      | Found a burning altar of Makhleb.
  8284 | D:8      | Found a glowing golden altar of the Shining One.
  8943 | D:9      | Noticed a six-headed hydra
  9058 | D:9      | Reached XP level 10. HP: 58/58 MP: 22/22
  9097 | D:9      | Killed a six-headed hydra
  9098 | D:9      | Reached skill level 5 in Fighting
  9391 | D:9      | Found an ornate altar of the Wu Jian Council.
  9392 | D:9      | Found a sparkling altar of Nemelex Xobeh.
  9392 | D:9      | Found a radiant altar of Vehumet.
  9392 | D:9      | Found a snail-covered altar of Cheibriados.
  9393 | D:9      | Found a blossoming altar of Fedhas.
  9393 | D:9      | Found a hazy altar of Hepliaklqana.
  9393 | D:9      | Found an opulent altar of Gozag.
  9393 | D:9      | Found a shimmering blue altar of Sif Muna.
  9406 | D:9      | Became a worshipper of Vehumet
  9598 | D:9      | Found a staircase to the Orcish Mines.
  9870 | D:9      | Reached * piety under Vehumet
  9870 | D:9      | Offered knowledge of Shock by Vehumet.
  9873 | D:9      | Noticed a kobold demonologist
  9882 | D:9      | Killed a kobold demonologist
 10393 | D:10     | Entered Level 10 of the Dungeon
 10708 | D:10     | Noticed an ogre mage
 10709 | D:10     | Noticed a two-headed ogre
 10714 | D:10     | Noticed a two-headed ogre
 10715 | D:10     | Killed an ogre mage
 10716 | D:10     | Reached XP level 11. HP: 64/64 MP: 22/24
 10721 | D:10     | Killed a two-headed ogre
 10722 | D:10     | Reached skill level 10 in Spellcasting
 10728 | D:10     | Killed a two-headed ogre
 10729 | D:10     | Reached skill level 10 in Earth Magic
 10998 | D:10     | Noticed a boulder beetle
 11048 | D:10     | Found Aczozug's Armour Boutique.
 11048 | D:10     | Noticed a centaur warrior
 11330 | D:10     | Noticed a two-headed ogre
 11333 | D:10     | Killed a two-headed ogre
 11429 | D:10     | Killed a centaur warrior
 11706 | D:10     | Killed a boulder beetle
 11899 | D:11     | Offered knowledge of Static Discharge by Vehumet.
 11981 | D:11     | Found Asublusm's Magic Scroll Boutique.
 11989 | D:11     | Bought a scroll of identify for 34 gold pieces
 11989 | D:11     | Bought a scroll of identify for 34 gold pieces
 12013 | D:11     | Found a staircase to the Lair.
 12049 | D:11     | Reached ** piety under Vehumet
 12059 | D:11     | Noticed a boulder beetle
 12078 | D:11     | Killed a boulder beetle
 12683 | D:12     | Noticed a cyclops
 12691 | D:12     | Killed a cyclops
 12791 | D:12     | Reached XP level 12. HP: 70/70 MP: 27/27
 13090 | D:12     | Noticed a death knight
 13123 | D:12     | Noticed a death knight
 13127 | D:12     | Killed a death knight
 13440 | D:12     | Reached skill level 10 in Conjurations
 14231 | D:13     | Offered knowledge of Poisonous Vapours by Vehumet.
 14363 | D:13     | Found a sparkling altar of Nemelex Xobeh.
 15202 | D:13     | Noticed an anaconda
 15202 | D:13     | Noticed an ice dragon
 15202 | D:13     | an anaconda changed into an ice dragon
 15485 | D:14     | Found Myixt's Assorted Antiques.
 15496 | D:14     | Reached XP level 13. HP: 75/75 MP: 30/30
 15515 | D:14     | Bought a scroll labelled VOUDAA VEQA for 33 gold pieces
 15622 | D:14     | Identified the +3 leather armour of Tartarus {Slay+2}
 15637 | D:14     | Found a gate to the Vaults.
 15637 | D:14     | Noticed a vault guard
 15637 | D:14     | Noticed a vault guard
 15637 | D:14     | Noticed a vault guard
 15637 | D:14     | Noticed a vault guard
 15637 | D:14     | Noticed a vault guard
 15637 | D:14     | Noticed a vault guard
 15638 | D:14     | Noticed a vault guard
 15639 | D:14     | Noticed a vault guard
 15645 | D:14     | Killed a vault guard
 15654 | D:14     | Killed a vault guard
 15655 | D:14     | Killed a vault guard
 15655 | D:14     | Reached *** piety under Vehumet
 15660 | D:14     | Killed a vault guard
 15662 | D:14     | Killed a vault guard
 15664 | D:14     | Killed a vault guard
 15665 | D:14     | Killed a vault guard
 15675 | D:14     | Killed a vault guard
 15676 | D:14     | Reached skill level 5 in Armour
 16224 | D:15     | Entered Level 15 of the Dungeon
 16297 | D:14     | Noticed an azure jelly
 16427 | D:14     | Noticed an eleionoma
 16433 | D:14     | Killed an eleionoma
 16517 | D:15     | Reached skill level 1 in Shields
 16636 | D:15     | Offered knowledge of Sticky Flame by Vehumet.
 17036 | D:15     | Identified the +11 spear of Ottuck {freeze, Drain rPois
                  | rCorr Stlth+}
 17354 | D:15     | Noticed an ice dragon
 17462 | Lair:1   | Entered Level 1 of the Lair of Beasts
 17860 | Lair:1   | Found a runed translucent door.
 17934 | Lair:1   | Found a runed translucent gate.
 17935 | Lair:1   | Found a runed translucent gate.
 17935 | Lair:1   | Found a runed translucent gate.
 17937 | Lair:1   | Noticed JackAllcraft's ghost (journeyman DjCj)
 17996 | Lair:1   | Reached **** piety under Vehumet
 18894 | Lair:2   | Offered knowledge of Yara's Violent Unravelling by Vehumet.
 19033 | Lair:2   | Gained mutation: Your large and strong wings let you fly.
                  | [Gargoyle growth]
 19033 | Lair:2   | Reached XP level 14. HP: 84/84 MP: 31/32
 19868 | Lair:3   | Found a staircase to the Snake Pit.
 19935 | Lair:2   | Learned a level 5 spell: Fireball
 20158 | Lair:3   | Found a staircase to the Shoals.
 20286 | Lair:3   | Noticed Snorg
 20369 | Lair:3   | Reached skill level 1 in Fire Magic
 20572 | Lair:3   | Killed Snorg
 21547 | Lair:4   | Found a gate leading to a gauntlet.
 21675 | Gauntlet | Entered a Gauntlet
 21675 | Gauntlet | Found a transporter.
 21685 | Gauntlet | Found a transporter.
 21699 | Gauntlet | Found a transporter.
 21704 | Gauntlet | Found a transporter.
 21719 | Gauntlet | Found a transporter.
 21738 | Gauntlet | Found a transporter.
 21750 | Gauntlet | Found a transporter.
 21762 | Gauntlet | Found a transporter.
 21765 | Gauntlet | Noticed a balrug
 21777 | Gauntlet | Found a large runed translucent door.
 21778 | Gauntlet | Found a large runed translucent door.
 21779 | Gauntlet | Found a large runed translucent door.
 21779 | Gauntlet | Found a large runed translucent door.
 21780 | Gauntlet | Found a runed translucent gate.
 21781 | Gauntlet | Found a transporter.
 21781 | Gauntlet | Found a runed translucent gate.
 21782 | Gauntlet | Found a runed translucent gate.
 21783 | Gauntlet | Found a large runed translucent door.
 21783 | Gauntlet | Found a large runed translucent door.
 21784 | Gauntlet | Found a large runed translucent door.
 21785 | Gauntlet | Found a large runed translucent door.
 21793 | Gauntlet | Found a transporter.
 21810 | Gauntlet | Found a transporter.
 21823 | Gauntlet | Found a large runed translucent door.
 21824 | Gauntlet | Found a large runed translucent door.
 21825 | Gauntlet | Found a large runed translucent door.
 21825 | Gauntlet | Found a large runed translucent door.
 21826 | Gauntlet | Found a runed translucent door.
 21827 | Gauntlet | Found a transporter.
 21828 | Gauntlet | Found a runed translucent door.
 21829 | Gauntlet | Found a large runed translucent door.
 21829 | Gauntlet | Found a transporter.
 21829 | Gauntlet | Found a large runed translucent door.
 21830 | Gauntlet | Found a large runed translucent door.
 21854 | Gauntlet | Found a transporter.
 21874 | Gauntlet | Found a transporter.
 21952 | Gauntlet | Found a transporter.
 21980 | Gauntlet | Found a large runed translucent door.
 22067 | Gauntlet | Found a transporter.
 22071 | Gauntlet | Reached ***** piety under Vehumet
 22079 | Gauntlet | Reached skill level 5 in Shields
 22096 | Gauntlet | Offered knowledge of Lee's Rapid Deconstruction by Vehumet.
 22103 | Gauntlet | Learned a level 5 spell: Lee's Rapid Deconstruction
 22306 | Gauntlet | Identified the +2 hat of the Dungeon {+Blink rC+ Str-2}
 22343 | Gauntlet | Identified the +10 whip of Rinetz {holy, rC- Int+3}
 22359 | Gauntlet | Identified the +1 war axe "Konutap" {drain, rF+ rCorr}
 23233 | Lair:4   | Identified the +5 falchion of Defilement {holy, rF- rN+++
                  | Int-3 SInv}
 23652 | Lair:5   | Found a staircase to the Slime Pits.
 23957 | Lair:5   | Reached XP level 15. HP: 90/90 MP: 33/33
 24450 | Lair:5   | Noticed Kirke
 24461 | Lair:5   | Killed Kirke
 24693 | Lair:5   | Learned a level 6 spell: Starburst
 24694 | Lair:6   | Entered Level 6 of the Lair of Beasts
 24733 | Lair:6   | Reached skill level 15 in Spellcasting
 24905 | Lair:6   | Offered knowledge of Lightning Bolt by Vehumet.
 26240 | Lair:6   | Identified the ring of Qetyomith {Fire Will+}
 26782 | D:15     | Paralysed by a meliai for 2 turns
 26877 | D:15     | Found an ornate altar of the Wu Jian Council.
 27324 | Orc:1    | Entered Level 1 of the Orcish Mines
 27325 | Orc:1    | Noticed Harold
 27338 | Orc:1    | Killed Harold
 27772 | Orc:1    | Noticed Fannar
 27917 | Orc:1    | Killed Fannar
 27918 | Orc:1    | Reached skill level 10 in Shields
 28218 | Orc:1    | Noticed Urug
 28246 | Orc:1    | Killed Urug
 28448 | Orc:1    | Offered knowledge of Freezing Cloud by Vehumet.
 28625 | Orc:1    | Learned a level 5 spell: Freezing Cloud
 28707 | Orc:2    | Entered Level 2 of the Orcish Mines
 28962 | Orc:2    | Found a staircase to the Elven Halls.
 29305 | Orc:2    | Reached XP level 16. HP: 83/97 MP: 5/35
 29471 | Orc:2    | Reached skill level 10 in Fighting
 29782 | Orc:2    | Reached skill level 5 in Fire Magic
 29835 | Orc:2    | Found Wefruatt's Antique Armour Shoppe.
 29840 | Orc:2    | Found Rivo's Magic Scroll Boutique.
 29847 | Orc:2    | Bought a scroll of identify for 24 gold pieces
 29847 | Orc:2    | Bought a scroll of noise for 12 gold pieces
 29847 | Orc:2    | Bought a scroll of identify for 24 gold pieces
 29849 | Orc:2    | Identified a scroll of acquirement
 29850 | Orc:2    | Acquired the +3 Elemental Staff {rElec rF++ rC++ AC+5}
 29850 | Orc:2    | Found the +3 Elemental Staff {rElec rF++ rC++ AC+5}
 29860 | Orc:2    | Found Vif Kam's Assorted Antiques.
 29862 | Orc:2    | Found Tophaeh's Book Shoppe.
 29868 | Orc:2    | Bought a scroll of identify for 60 gold pieces
 29871 | Orc:2    | Bought Great Wizards, Vol. II for 608 gold pieces
 30091 | Orc:2    | Bought a large glass ring for 150 gold pieces
 30091 | Orc:2    | Bought a square silver amulet for 150 gold pieces
 30101 | Orc:2    | Bought a scroll of enchant armour for 90 gold pieces
 30525 | D:15     | Learned a level 5 spell: Borgnjor's Vile Clutch
 30563 | D:15     | Found a staircase to the Depths.
 31326 | Lair:1   | Killed JackAllcraft's ghost
 31807 | Snake:1  | Entered Level 1 of the Snake Pit
 31835 | Snake:1  | Offered knowledge of Iskenderun's Battlesphere by Vehumet.
 31876 | Snake:1  | Noticed Mlioglotl
 32265 | Snake:1  | Reached skill level 1 in Staves
 32463 | Snake:1  | Noticed Asterion
 32473 | Snake:1  | Killed Asterion
 32787 | Snake:1  | Reached skill level 1 in Necromancy
 33316 | Snake:2  | Noticed Azrael
 33407 | Snake:2  | Noticed Agnes
 33424 | Snake:2  | Reached skill level 15 in Earth Magic
 33874 | Snake:2  | Killed Azrael
 34064 | Snake:2  | Killed Agnes
 34325 | Snake:2  | Offered knowledge of Conjure Ball Lightning by Vehumet.
 34844 | Snake:2  | Found Pegg's Book Shop.
 34845 | Snake:2  | Found Momesu's Jewellery Shoppe.
 34846 | Snake:2  | Found Fude's Book Shop.
 34856 | Snake:2  | Bought a Necronomicon for 952 gold pieces
 35103 | Snake:3  | Reached XP level 17. HP: 104/104 MP: 37/37
 35280 | Snake:3  | Found Leblurph's General Store.
 35346 | Snake:3  | Bought a potion of curing for 48 gold pieces
 36099 | Snake:4  | Entered Level 4 of the Snake Pit
 36530 | Snake:4  | Found a frozen archway.
 36714 | IceCv    | Entered an ice cave
 36761 | IceCv    | Offered knowledge of Ozocubu's Refrigeration by Vehumet.
 37514 | Snake:4  | Reached skill level 5 in Transmutations
 37957 | Snake:4  | Reached XP level 18. HP: 112/112 MP: 37/38
 37976 | Snake:4  | Reached skill level 15 in Conjurations
 39275 | Snake:4  | Noticed a quicksilver dragon
 39275 | Snake:4  | Noticed a quicksilver dragon
 39282 | Snake:4  | Killed a quicksilver dragon
 39283 | Snake:4  | Reached skill level 5 in Staves
 39286 | Snake:4  | Killed a quicksilver dragon
 39393 | Snake:4  | Got a serpentine rune of Zot
 40487 | Shoals:1 | Entered Level 1 of the Shoals
 40829 | Shoals:1 | Reached skill level 5 in Necromancy
 40885 | Shoals:1 | Offered knowledge of Iron Shot by Vehumet.
 41584 | Shoals:1 | You are sucked into a shaft and drop 1 floor!
 43276 | Shoals:2 | Learned a level 6 spell: Iron Shot
 43428 | Shoals:3 | Reached ****** piety under Vehumet
 43634 | Shoals:3 | Reached XP level 19. HP: 116/116 MP: 32/40
 43780 | Shoals:3 | Noticed Mara
 43788 | Shoals:3 | Noticed protoss039's illusion
 43788 | Shoals:3 | Killed Mara
 43952 | Shoals:3 | Identified the +7 glaive "Zizabbol" {venom, +Blink Int+2}
 44377 | Shoals:3 | Found Nabel's Magic Scroll Boutique.
 44433 | Shoals:3 | Bought a scroll of teleportation for 51 gold pieces
 44433 | Shoals:3 | Bought a scroll of fear for 59 gold pieces
 44433 | Shoals:3 | Bought a scroll of teleportation for 51 gold pieces
 44433 | Shoals:3 | Bought a scroll of identify for 34 gold pieces
 44794 | Shoals:4 | Entered Level 4 of the Shoals
 44962 | Shoals:4 | Reached skill level 10 in Fire Magic
 45590 | Shoals:4 | Offered knowledge of Lehudib's Crystal Spear by Vehumet.
 45590 | Shoals:4 | Offered knowledge of Polar Vortex by Vehumet.
 45590 | Shoals:4 | Offered knowledge of Maxwell's Capacitive Coupling by
                  | Vehumet.
 45809 | Shoals:4 | Found a transporter.
 45813 | Shoals:4 | Found a transporter.
 46366 | Shoals:4 | Found a transporter.
 46425 | Shoals:4 | Found a transporter.
 46441 | Shoals:4 | Found a transporter.
 46445 | Shoals:4 | Found a transporter.
 46659 | Shoals:4 | Got the Tome of the Blacksmith
 46731 | Shoals:4 | Got the Grimoire of the Gliding Compass
 46799 | Shoals:4 | Got a barnacled rune of Zot
 46903 | Shoals:4 | Identified the +4 rapier "Hesun" {vorpal, Drain Str+2
                  | Dex+4}
 46989 | Shoals:3 | Identified the +5 arbalest of the Harvest {speed, +Blink
                  | rN+ Dex+4}
 47206 | D:14     | Bought a potion of curing for 99 gold pieces
 47206 | D:14     | Bought a potion of curing for 99 gold pieces
 47206 | D:14     | Bought a scroll of identify for 66 gold pieces
 47400 | Elf:1    | Entered Level 1 of the Elven Halls
 47401 | Elf:1    | You are sucked into a shaft and drop 1 floor!
 47401 | Elf:2    | Found a runed translucent gate.
 47401 | Elf:2    | Found a runed translucent gate.
 47401 | Elf:2    | Found a runed translucent gate.
 47592 | Elf:2    | Found a magical portal.
 47630 | WizLab   | Entered The Hall of the Hellbinder
 47640 | WizLab   | Learned a level 8 spell: Lehudib's Crystal Spear
 47707 | WizLab   | Gained mutation: You have very sharp teeth. [a neqoxec]
 48114 | WizLab   | Found a burning altar of Makhleb.
 48534 | WizLab   | Noticed Gerhig
 48542 | WizLab   | Killed Gerhig the Hellbinder
 48559 | WizLab   | Got the Almanac of the Entourage
 48674 | Elf:2    | Noticed Saint Roka
 48692 | Elf:2    | Killed Saint Roka
 48693 | Elf:2    | Reached XP level 20. HP: 43/122 MP: 26/43
 49588 | Elf:2    | Found a portal to a secret trove of treasure.
 52180 | Elf:1    | Paralysed by an air elemental for 1 turns
 52413 | Elf:1    | Paralysed by an air elemental for 1 turns
 52792 | Elf:3    | Entered Level 3 of the Elven Halls
 53074 | Elf:3    | Noticed Donald
 53082 | Elf:3    | Killed Donald
 53337 | Elf:3    | Identified the +1 pearl dragon scales of the Orb {rPois rN+
                  | Str+2}
 53337 | Elf:3    | Identified the ring of Puast {rElec rF+ rCorr Str-2 Slay+5}
 53586 | Elf:3    | Reached XP level 21. HP: 126/127 MP: 33/46
 53772 | Elf:3    | Identified the +1 dagger of Laac {vorpal, rPois MP-9 Dex+10
                  | Stlth+}
 53777 | Elf:3    | Identified the +0 helmet of Shadows and Fog {rC+}
 53780 | Elf:3    | Got the Almanac of Dark Clay
 53826 | Elf:3    | Got the Compendium of Translocation
 54024 | Elf:3    | Identified the +1 battleaxe of Delightful Honour {elec, rF+
                  | rC+ Int+2}
 54484 | Elf:3    | Identified the +7 chain mail "Muxtaun" {Rampage rPois
                  | Slay-5}
 54991 | Vaults:1 | Entered Level 1 of the Vaults
 55204 | Vaults:1 | Found a flickering gateway to a bazaar.
 55213 | Bazaar   | Entered a bazaar
 55217 | Bazaar   | Found Amuz Xoc's Jewellery Boutique.
 55247 | Bazaar   | Found Peuqutroch's General Store.
 55297 | Bazaar   | Found Pamyjy's Weapon Shoppe.
 55334 | Bazaar   | Found Acety's Book Shoppe.
 55368 | Bazaar   | Found Usitoudu's Distillery.
 55417 | Bazaar   | Bought the amulet "Siqieq" {-Tele rN+ Regen+ Int+10 Dex-3}
                  | for 704 gold pieces
 55432 | Bazaar   | Bought a potion of magic for 128 gold pieces
 55460 | Bazaar   | Bought a potion of heal wounds for 50 gold pieces
 55460 | Bazaar   | Bought a potion of brilliance for 40 gold pieces
 55460 | Bazaar   | Bought a potion of heal wounds for 50 gold pieces
 55460 | Bazaar   | Bought a potion of haste for 100 gold pieces
 55460 | Bazaar   | Bought a potion of brilliance for 40 gold pieces
 55460 | Bazaar   | Bought a potion of heal wounds for 50 gold pieces
 57285 | Vaults:2 | Found a flickering gateway to a bazaar.
 57292 | Bazaar   | Entered a bazaar
 57292 | Bazaar   | Found Surre's General Store.
 57292 | Bazaar   | Found Coibruho's Weapon Emporium.
 57294 | Bazaar   | Found Yjutusk's Antique Weapon Shoppe.
 57310 | Bazaar   | Found Acleude's Book Emporium.
 57339 | Bazaar   | Bought a smouldering long sword for 187 gold pieces
 57339 | Bazaar   | Identified the +6 long sword "Gaibe" {flame, rElec Will+
                  | Int+4} (You bought it in a shop in a bazaar)
 57676 | Vaults:2 | Found a large runed translucent door.
 57676 | Vaults:2 | Found a large runed translucent door.
 57677 | Vaults:2 | Noticed benappo's ghost (adept GnWr)
 59271 | Vaults:2 | Killed benappo's ghost
 59469 | Vaults:3 | Found Bouweuxkos's General Store.
 59797 | Vaults:3 | Reached XP level 22. HP: 136/136 MP: 47/47
 59950 | Vaults:3 | Found a staircase to the Crypt.
 61438 | Vaults:4 | Reached skill level 10 in Armour
 63117 | Vaults:4 | Learned a level 8 spell: Ignition
 63126 | Vaults:4 | Learned a level 8 spell: Necromutation
 63136 | Vaults:4 | Learned a level 9 spell: Polar Vortex
 63831 | Crypt:1  | Entered Level 1 of the Crypt
 65126 | Crypt:1  | Reached skill level 15 in Shields
 65752 | Crypt:2  | Noticed Boris
 65768 | Crypt:2  | Killed Boris
 65895 | Crypt:2  | Reached skill level 10 in Transmutations
 65954 | Crypt:2  | Reached skill level 15 in Fighting
 66295 | Crypt:2  | Reached XP level 23. HP: 142/144 MP: 25/48
 66612 | Crypt:2  | Found a runed translucent gate.
 66612 | Crypt:2  | Found a runed translucent gate.
 66612 | Crypt:2  | Found a runed translucent gate.
 66612 | Crypt:2  | Found an ancient bone altar of Kikubaaqudgha.
 66612 | Crypt:2  | Noticed Zoalos's ghost (veteran GrEE)
 66613 | Crypt:2  | Noticed yalue's ghost (adept MiFi)
 66613 | Crypt:2  | Noticed Fainec's ghost (veteran GrEE)
 66613 | Crypt:2  | Noticed a dread lich
 66613 | Crypt:2  | Noticed a dread lich
 66637 | Crypt:2  | Reached skill level 10 in Necromancy
 67134 | Crypt:2  | Reached XP level 24. HP: 150/150 MP: 48/49
 67161 | Crypt:3  | Entered Level 3 of the Crypt
 68111 | Crypt:3  | Found a basalt altar of Yredelemnul.
 68774 | Crypt:3  | Identified the +1 chain mail of the Sun {*Slow rPois Str+3
                  | Stlth+}
 70400 | Crypt:3  | Found a staircase to the Tomb.
 70662 | Crypt:3  | Got the Collected Works on Necromancy
 70776 | Crypt:3  | Learned a level 9 spell: Shatter
 71184 | Depths:1 | Entered Level 1 of the Depths
 71495 | Depths:1 | Found a one-way gate to the infinite horrors of the Abyss.
 71755 | Depths:1 | Found Liun's Assorted Antiques.
 71773 | Depths:1 | Bought a scroll of fog for 72 gold pieces
 71773 | Depths:1 | Bought a potion of mutation for 288 gold pieces
 71875 | Depths:1 | Found a gateway to Hell.
 72230 | Depths:1 | Gained mutation: You are frail. (-10% HP) [mutagenic glow]
 72302 | Depths:1 | Identified the ring "Zuton" {rPois rC- Str+8 Int-4 Stlth+}
 73299 | Depths:2 | Found a one-way gate leading to the halls of Pandemonium.
 73575 | Depths:2 | Lost mutation: You have very sharp teeth. [potion of
                  | mutation]
 73575 | Depths:2 | Lost mutation: You are frail. (-10% HP) [potion of
                  | mutation]
 73575 | Depths:2 | Gained mutation: Your natural rate of healing is unusually
                  | fast. [potion of mutation]
 73575 | Depths:2 | Gained mutation: Your spells are a little easier to cast,
                  | but a little less powerful. [potion of mutation]
 73575 | Depths:2 | Gained mutation: You have sharp fingernails. [potion of
                  | mutation]
 73598 | Depths:2 | Reached XP level 25. HP: 135/155 MP: 6/50
 73744 | Depths:2 | Lost mutation: Your natural rate of healing is unusually
                  | fast. [potion of mutation]
 73744 | Depths:2 | Lost mutation: You have sharp fingernails. [potion of
                  | mutation]
 73744 | Depths:2 | Lost mutation: Your spells are a little easier to cast, but
                  | a little less powerful. [potion of mutation]
 73744 | Depths:2 | Gained mutation: Your body sometimes deteriorates upon
                  | taking damage. [potion of mutation]
 73744 | Depths:2 | Gained mutation: You are weak. (Str -2) [potion of
                  | mutation]
 73745 | Depths:2 | Lost mutation: Your body sometimes deteriorates upon taking
                  | damage. [potion of mutation]
 73745 | Depths:2 | Lost mutation: You are weak. (Str -2) [potion of mutation]
 73745 | Depths:2 | Gained mutation: You are clumsy. (Dex -2) [potion of
                  | mutation]
 73745 | Depths:2 | Gained mutation: You possess an exceptional clarity of
                  | mind. [potion of mutation]
 73999 | Depths:2 | You are sucked into a shaft and drop 1 floor!
 73999 | Depths:3 | Found a one-way gateway to a ziggurat.
 74092 | Depths:3 | Found Ohyip's Jewellery Shop.
 74092 | Depths:3 | Found Vumub's Book Boutique.
 74093 | Depths:3 | Found Karrahul's Antique Armour Boutique.
 74097 | Depths:3 | Found Kinkakleni's Magic Scroll Shop.
 74170 | Depths:3 | Bought a scroll of summoning for 133 gold pieces
 74255 | Depths:3 | Noticed a juggernaut
 74270 | Depths:3 | Killed a juggernaut
 75748 | Depths:2 | Paralysed by a floating eye for 2 turns
 76484 | Depths:2 | Identified the +11 dagger "Sarcophage" {freeze, rPois
                  | Will++}
 76578 | Depths:4 | Entered Level 4 of the Depths
 76844 | Depths:4 | Noticed Boris
 76848 | Depths:4 | Killed Boris
 77248 | Depths:4 | Noticed a juggernaut
 77253 | Depths:4 | Killed a juggernaut
 77792 | Depths:4 | Reached XP level 26. HP: 152/160 MP: 32/51
 77884 | Depths:4 | Found a gate to the Realm of Zot.
 78502 | Depths:4 | Noticed a juggernaut
 78508 | Depths:4 | Killed a juggernaut
 79201 | Vaults:5 | Entered Level 5 of the Vaults
 79226 | Vaults:5 | Noticed Margery
 79229 | Vaults:5 | Killed Margery
 79232 | Vaults:5 | Noticed a dread lich
 79233 | Vaults:5 | Killed a dread lich
 79257 | Vaults:5 | Noticed an ancient lich
 79395 | Vaults:4 | Gained mutation: You are frail. (-10% HP) [mutagenic glow]
 79481 | Vaults:5 | Killed an ancient lich
 80224 | Vaults:5 | Noticed Mennas
 80341 | Vaults:4 | Killed Mennas
 80653 | Vaults:5 | Identified the +0 leather armour "Xyhaduul" {Rampage rF+}
 81039 | Vaults:5 | Identified the +8 chain mail of Responsibility {rElec
                  | Int+3}
 81642 | Vaults:5 | Got a silver rune of Zot
 82292 | Zot:1    | Entered Level 1 of the Realm of Zot
 82360 | Zot:1    | Reached skill level 15 in Armour
 82360 | Zot:1    | Reached XP level 27. HP: 154/154 MP: 39/51
 83432 | Zot:1    | Noticed an orb of fire
 83439 | Zot:1    | Gained mutation: Your magical capacity is low. (-10% MP)
                  | [an orb of fire]
 83440 | Zot:1    | Killed an orb of fire
 85042 | Elf:2    | You paid a toll of +4 storm dragon scales to enter a
                  | treasure trove
 85043 | Trove    | Entered a treasure trove
 85045 | Trove    | Found the +2 cloak of the Thief {*Fog Slay-2 SInv Stlth+}
 85047 | Trove    | Identified the -1 kite shield of the Shining Light {Rampage
                  | rElec Will+ SInv}
 85049 | Trove    | Identified the +1 chain mail of Syndicalism {rElec rCorr}
 85057 | Trove    | Identified the +9 plate armour "Mesuichi" {rPois rCorr}
 85058 | Trove    | Identified the +3 scale mail of Gestures {rPois Str+2}
 85064 | Trove    | Identified the +0 pair of boots of Togeunt {Will+}
 85085 | Trove    | Found the +3 pair of seven-league boots {Rampage+∞}
 85085 | Trove    | Found the +18 shield of the Gong {rElec rN+ Will+ EV-5}
 86106 | Zot:2    | You are sucked into a shaft and drop 2 floors!
 86847 | Zot:4    | Gained mutation: Armour fits poorly on your strangely
                  | shaped body. [mutagenic glow]
 86854 | Zot:4    | Gained mutation: You are occasionally teleported next to
                  | monsters. [mutagenic glow]
 86860 | Zot:4    | Gained mutation: You sometimes lose the ability to read
                  | scrolls when taking damage. [mutagenic glow]
 86872 | Zot:4    | Lost mutation: Armour fits poorly on your strangely shaped
                  | body. [mutagenic glow]
 86944 | Zot:4    | Lost mutation: Your magical capacity is low. (-10% MP)
                  | [potion of mutation]
 86944 | Zot:4    | Lost mutation: You are frail. (-10% HP) [potion of
                  | mutation]
 86944 | Zot:4    | Lost mutation: You possess an exceptional clarity of mind.
                  | [potion of mutation]
 86944 | Zot:4    | Gained mutation: Armour fits poorly on your strangely
                  | shaped body. [potion of mutation]
 86944 | Zot:4    | Gained mutation: Your spells are a little easier to cast,
                  | but a little less powerful. [potion of mutation]
 86944 | Zot:4    | Lost mutation: Your spells are a little easier to cast, but
                  | a little less powerful. [potion of mutation]
 86945 | Zot:4    | Lost mutation: Armour fits poorly on your strangely shaped
                  | body. [potion of mutation]
 86945 | Zot:4    | Lost mutation: You are clumsy. (Dex -2) [potion of
                  | mutation]
 86945 | Zot:4    | Gained mutation: Your natural rate of healing is unusually
                  | fast. [potion of mutation]
 86946 | Zot:4    | Lost mutation: Your natural rate of healing is unusually
                  | fast. [potion of mutation]
 86946 | Zot:4    | Lost mutation: You sometimes lose the ability to read
                  | scrolls when taking damage. [potion of mutation]
 86946 | Zot:4    | Lost mutation: You are occasionally teleported next to
                  | monsters. [potion of mutation]
 86946 | Zot:4    | Gained mutation: You have an increased reservoir of magic.
                  | (+10% MP) [potion of mutation]
 86946 | Zot:4    | Gained mutation: You have a pair of small horns on your
                  | head. [potion of mutation]
 88461 | Zot:3    | Noticed an orb of fire
 88465 | Zot:3    | Gained mutation: Armour fits poorly on your strangely
                  | shaped body. [an orb of fire]
 88467 | Zot:3    | Killed an orb of fire
 88689 | Zot:3    | Got Sif Muna's Collected Works on Weightlessness and Stolen
                  | Souls
 88719 | Zot:3    | Identified the amulet "Jeamuz" {Reflect Slay+2 SH+5}
 88741 | Zot:3    | Reached skill level 15 in Fire Magic
 89069 | Zot:3    | Identified the +2 trident of Payrhomp {vorpal, rC+++ Will-
                  | rCorr SInv}
 90025 | Zot:5    | Entered Level 5 of the Realm of Zot
 90380 | Zot:5    | Learned a level 9 spell: Fire Storm
 91425 | Zot:5    | Noticed an ancient lich
 91437 | Zot:5    | Killed an ancient lich
 91754 | Zot:5    | Noticed an orb of fire
 91762 | Zot:5    | Noticed a dread lich
 91763 | Zot:5    | Noticed an orb of fire
 91782 | Zot:5    | Killed a dread lich
 91950 | Zot:5    | Noticed an ancient lich
 91960 | Zot:5    | Killed an ancient lich
 91968 | Zot:5    | Killed an orb of fire
 92136 | Zot:5    | Noticed a dread lich
 92138 | Zot:5    | Noticed an orb of fire
 92141 | Zot:5    | Killed an orb of fire
 92201 | Zot:5    | Killed an orb of fire
 92404 | Zot:5    | Noticed an ancient lich
 92404 | Zot:5    | Noticed an orb of fire
 92409 | Zot:5    | Killed an ancient lich
 92412 | Zot:5    | Killed an orb of fire
 92413 | Zot:5    | Killed a dread lich
 92643 | Zot:5    | Identified the ring of Accord {rPois rN+ Str+6}
 92724 | Zot:5    | Noticed a dread lich
 92788 | Zot:5    | Killed a dread lich
 93161 | Hell     | Entered the Vestibule of Hell
 93161 | Hell     | Noticed Geryon
 93165 | Hell     | Noticed Murray
 93166 | Hell     | Killed Geryon
 93310 | Hell     | Killed Murray
 93568 | Hell     | Found a gateway to the freezing wastes of Cocytus.
 93770 | Hell     | Found a gateway to the ashen valley of Gehenna.
 93922 | Hell     | Found a gateway to the decaying netherworld of Tartarus.
 93971 | Hell     | Found a gateway to the Iron City of Dis.
 94036 | Coc:1    | Entered Level 1 of Cocytus
 94410 | Coc:3    | Reached skill level 15 in Necromancy
 94411 | Coc:3    | Reached skill level 15 in Transmutations
 94861 | Coc:4    | Gained mutation: You are robust. (+10% HP) [mutagenic glow]
 94887 | Coc:4    | Gained mutation: You are weak. (Str -2) [mutagenic glow]
 95263 | Coc:5    | Paralysed by a wendigo for 1 turns
 95350 | Coc:5    | You are sucked into a shaft and drop 1 floor!
 95378 | Coc:6    | Paralysed by a wendigo for 1 turns
 95391 | Coc:6    | Paralysed by a wendigo for 1 turns
 95532 | Coc:7    | Entered Level 7 of Cocytus
 96157 | Coc:7    | Paralysed by a wendigo for 1 turns
 97306 | Coc:7    | Noticed Antaeus
 97320 | Coc:7    | Killed Antaeus
 97511 | Coc:7    | Got an icy rune of Zot
 97611 | Dis:1    | Entered Level 1 of the Iron City of Dis
 98167 | Dis:3    | Noticed a dread lich
 98175 | Dis:3    | Killed a dread lich
 98175 | Dis:3    | Noticed an ancient lich
 98186 | Dis:3    | Killed an ancient lich
 99988 | Dis:7    | Entered Level 7 of the Iron City of Dis
101778 | Dis:7    | Noticed a juggernaut
101791 | Dis:7    | Killed a juggernaut
102012 | Dis:7    | Got the Compendium of Sinister Rituals
104312 | Zig:1    | Entered Level 1 of a ziggurat
104329 | Zig:2    | Entered Level 2 of a ziggurat
104357 | Zig:3    | Entered Level 3 of a ziggurat
104454 | Zig:4    | Entered Level 4 of a ziggurat
104491 | Zig:5    | Entered Level 5 of a ziggurat
104511 | Zig:5    | Identified the +6 mace of Courage {freeze, rElec rPois rC+
                  | Int-5}
104515 | Zig:6    | Entered Level 6 of a ziggurat
104665 | Zig:7    | Entered Level 7 of a ziggurat
104689 | Zig:7    | Identified the +7 plate armour of the Peculiar Realms
                  | {Rampage rN+ Will- Regen+}
104691 | Zig:7    | Identified the ring "Izxecrec" {Ice Str+2}
104704 | Zig:8    | Entered Level 8 of a ziggurat
104713 | Zig:8    | Reached skill level 5 in Dodging
104771 | Zig:8    | Identified the +2 plate armour of the Forest {Dex+7 Slay-3}
104780 | Zig:8    | Identified the +6 scale mail "Zalurru" {rF+ Slay+6}
104782 | Zig:8    | Got the Reference Book on Supportive Ignition
104787 | Zig:9    | Entered Level 9 of a ziggurat
104826 | Zig:9    | Identified the amulet "Onyggiam" {Reflect Rampage Dex+3
                  | SH+5}
104841 | Zig:9    | Identified the ring of Feununk {rPois rC+++ Will- AC+4}
104847 | Zig:9    | Identified the +0 morningstar of Qazlal's Approval {vamp,
                  | rN+ rCorr}
104855 | Zig:10   | Entered Level 10 of a ziggurat
104943 | Zig:11   | Entered Level 11 of a ziggurat
104974 | Zig:11   | Identified the ring "Vyogisy" {rC+ Slay+4}
104984 | Zig:11   | Identified the +9 trident "Erususk" {venom, Int+3}
105003 | Zig:11   | Lost mutation: You have an increased reservoir of magic.
                  | (+10% MP) [potion of mutation]
105003 | Zig:11   | Lost mutation: You are weak. (Str -2) [potion of mutation]
105003 | Zig:11   | Gained mutation: You are strong-willed. (Will+) [potion of
                  | mutation]
105003 | Zig:11   | Gained mutation: You are partially covered in iridescent
                  | scales. (AC +2) [potion of mutation]
105003 | Zig:11   | Gained mutation: Your movements are slightly less
                  | encumbered by armour. (ER -2) [potion of mutation]
105005 | Zig:11   | Lost mutation: You are partially covered in iridescent
                  | scales. (AC +2) [potion of mutation]
105005 | Zig:11   | Lost mutation: Your movements are slightly less encumbered
                  | by armour. (ER -2) [potion of mutation]
105005 | Zig:11   | Lost mutation: You have a pair of small horns on your head.
                  | [potion of mutation]
105005 | Zig:11   | Gained mutation: You are dopey. (Int -2) [potion of
                  | mutation]
105005 | Zig:11   | Gained mutation: You sometimes lose the ability to read
                  | scrolls when taking damage. [potion of mutation]
105005 | Zig:11   | Gained mutation: Your magical capacity is low. (-10% MP)
                  | [potion of mutation]
105005 | Zig:11   | Gained mutation: You are highly strong-willed. (Will++)
                  | [potion of mutation]
105006 | Zig:11   | Lost mutation: You are highly strong-willed. (Will++)
                  | [potion of mutation]
105006 | Zig:11   | Lost mutation: You sometimes lose the ability to read
                  | scrolls when taking damage. [potion of mutation]
105006 | Zig:11   | Lost mutation: You are strong-willed. (Will+) [potion of
                  | mutation]
105006 | Zig:11   | Gained mutation: Your muscles are strong. (Str +2) [potion
                  | of mutation]
105006 | Zig:11   | Gained mutation: You are very robust. (+20% HP) [potion of
                  | mutation]
105006 | Zig:11   | Gained mutation: You have large cloven feet. [potion of
                  | mutation]
105007 | Zig:11   | Lost mutation: Your muscles are strong. (Str +2) [potion of
                  | mutation]
105007 | Zig:11   | Lost mutation: Your magical capacity is low. (-10% MP)
                  | [potion of mutation]
105007 | Zig:11   | Lost mutation: You are dopey. (Int -2) [potion of mutation]
105007 | Zig:11   | Gained mutation: Your mind is acute. (Int +2) [potion of
                  | mutation]
105007 | Zig:11   | Gained mutation: You sometimes lose the ability to read
                  | scrolls when taking damage. [potion of mutation]
105007 | Zig:11   | Gained mutation: You expend magic power (3 MP) to
                  | strengthen your wands. [potion of mutation]
105032 | Zig:11   | Identified the +0 helmet of Asyxuqo {-Tele Rampage +Inv}
105037 | Zig:12   | Entered Level 12 of a ziggurat
105050 | Zig:12   | Noticed a dread lich
105052 | Zig:12   | Killed a dread lich
105053 | Zig:12   | Found the +8 autumn katana {vorpal, manifold assault}
105053 | Zig:12   | Found the +3 Mad Mage's Maulers {Infuse+∞ RegenMP Int-3}
105102 | Zig:12   | Identified the +7 scimitar "Festris" {venom, rF+ Will+
                  | Str+4}
105123 | Zig:13   | Entered Level 13 of a ziggurat
105202 | Zig:13   | Identified the +5 dagger "Ockuasm" {drain, Fly Int-5
                  | Stlth+}
105205 | Zig:13   | Identified the +7 scale mail "Picuso" {rF- Str+4 Int-4
                  | Slay+4}
105209 | Zig:14   | Entered Level 14 of a ziggurat
105284 | Zig:14   | Got Sif Muna's Reference Book on Illusion
105300 | Zig:14   | Identified the amulet "Orryjiv" {Acrobat Int+3}
105346 | Zig:15   | Entered Level 15 of a ziggurat
105441 | Zig:15   | Identified the +9 trident of Cobwebs {spect, rElec MP-9
                  | Int+4 Dex+9}
105467 | Zig:16   | Entered Level 16 of a ziggurat
105497 | Zig:16   | Found the +8 mithril axe "Arga" {speed, Will+}
105501 | Zig:16   | Identified the amulet of the Exiled Blessings {rF- Regen+
                  | Int+7}
105505 | Zig:16   | Identified the +1 leather armour "Zuisonir" {Int+2 Dex-3
                  | SInv Stlth+}
105512 | Zig:16   | Identified the ring of Qol Goam {rPois AC+4 Str-4 Stlth+}
105620 | Zig:17   | Entered Level 17 of a ziggurat
105629 | Zig:17   | Noticed a royal mummy
105634 | Zig:17   | Killed a royal mummy
105637 | Zig:17   | Noticed a royal mummy
105637 | Zig:17   | Noticed a royal mummy
105640 | Zig:17   | Killed a royal mummy
105640 | Zig:17   | Killed a royal mummy
105660 | Zig:17   | Found the necklace of Bloodlust {*Rage Will++ Int-3 Slay+6}
105666 | Zig:17   | Identified the amulet "Yten" {Reflect rC+ rN+++ Will+ Dex-4
                  | SH+5 Stlth-}
105702 | Zig:17   | Identified the +6 lajatang of Fedhas {freeze, Str+6}
105739 | Zig:18   | Entered Level 18 of a ziggurat
105753 | Zig:18   | Noticed Leegorphise the pandemonium lord
105761 | Zig:18   | Killed Leegorphise the pandemonium lord
105854 | Zig:18   | Identified the +1 spear "Cidow" {spect, Fragile rElec rF+++
                  | Str+4 Int-4}
105862 | Zig:18   | Identified the +1 short sword of Governance {flame, Stlth+}
105863 | Zig:18   | Identified the +2 leather armour of Instinct {Harm rN++
                  | Str-2 SInv}
105867 | Zig:18   | Identified the ring of Sophism {Fly rC+++ Str-4 Slay+4
                  | SInv}
105882 | Zig:18   | Identified the +0 buckler of Tigax {Regen+ rCorr Str-2
                  | Slay+4}
105898 | Zig:19   | Entered Level 19 of a ziggurat
105914 | Zig:19   | Noticed Natin the pandemonium lord
105917 | Zig:19   | Reached skill level 27 in Fighting
105922 | Zig:19   | Killed Natin the pandemonium lord
105937 | Zig:19   | Found the +3 salamander hide armour {Flames rF++ rC--}
105949 | Zig:19   | Identified the ring of Miracles {rPois EV+4 Int+8 Dex+5
                  | SInv}
105960 | Zig:19   | Identified the +0 chain mail "Ivveaz" {rN+++ Str-3 Dex+4}
106042 | Zig:20   | Entered Level 20 of a ziggurat
106083 | Zig:20   | Acquired 636 gold pieces
106460 | Zig:21   | Entered Level 21 of a ziggurat
106471 | Zig:21   | Noticed Motaez Tymn the pandemonium lord
106477 | Zig:21   | Noticed Ebui the pandemonium lord
106480 | Zig:21   | Killed Motaez Tymn the pandemonium lord
106481 | Zig:21   | Noticed Balosaixy the pandemonium lord
106481 | Zig:21   | Noticed Nimauma the pandemonium lord
106481 | Zig:21   | Noticed Voiross the pandemonium lord
106483 | Zig:21   | Noticed Maeckat the pandemonium lord
106484 | Zig:21   | Killed Voiross the pandemonium lord
106485 | Zig:21   | Killed Nimauma the pandemonium lord
106485 | Zig:21   | Killed Balosaixy the pandemonium lord
106487 | Zig:21   | Noticed Timesal the pandemonium lord
106489 | Zig:21   | Noticed Tugavof the pandemonium lord
106489 | Zig:21   | Noticed Care Ruuq the pandemonium lord
106490 | Zig:21   | Killed Ebui the pandemonium lord
106490 | Zig:21   | Killed Maeckat the pandemonium lord
106492 | Zig:21   | Killed Timesal the pandemonium lord
106493 | Zig:21   | Noticed Zoipp the pandemonium lord
106494 | Zig:21   | Killed Tugavof the pandemonium lord
106499 | Zig:21   | Killed Zoipp the pandemonium lord
106499 | Zig:21   | Killed Care Ruuq the pandemonium lord
106517 | Zig:21   | Identified the ring of Descent {Ice Dex+4}
106530 | Zig:21   | Identified the +9 longbow of the Onslaught {vorpal, Int+6
                  | Dex-2 Stlth+}
106531 | Zig:21   | Identified the +1 ring mail of the Onion {+Blink rN++ Will-
                  | Dex+4}
106558 | Zig:21   | Identified the +8 shortbow of the Spider Nest {freeze, Fly
                  | rElec rN+}
106571 | Zig:21   | Identified the +2 chain mail of the Hills {Will- Regen+
                  | Int+4 Dex+6}
106577 | Zig:22   | Entered Level 22 of a ziggurat
106602 | Zig:22   | Reached skill level 10 in Staves
106608 | Zig:22   | Reached skill level 27 in Spellcasting
106736 | Zig:22   | Found the +4 robe of Folly {Brilliance Will-∞ Int+8}
106747 | Zig:22   | Got Sif Muna's Compendium of Hurtful Calling
106756 | Zig:22   | Identified the ring of Ydyrao {rElec rC+}
106759 | Zig:22   | Got Sif Muna's Almanac of the Quantum Rocks
106816 | Zig:22   | Identified the +0 ice dragon scales of Sunlight {+Blink
                  | rPois rF- rC++ Will- Int+7}
106889 | Zig:23   | Entered Level 23 of a ziggurat
106920 | Zig:23   | Reached skill level 10 in Dodging
106927 | Zig:23   | Found the +7 sceptre of Torment {pain, torment}
106934 | Zig:23   | Identified the ring "Rownergh" {+Blink rC+ rN+}
106953 | Zig:23   | Identified the amulet "Gioxkiw" {Reflect Int+3 SH+5}
107039 | Zig:23   | Identified the +6 short sword "Vudu" {flame, rC+ Int+3
                  | Stlth+}
107050 | Zig:24   | Entered Level 24 of a ziggurat
107073 | Zig:24   | Noticed Porojol the pandemonium lord
107079 | Zig:24   | Killed Porojol the pandemonium lord
107266 | Zig:24   | Got Sif Muna's Grimoire of Transformation
107290 | Zig:24   | Got the Almanac of the Blaze and Flight
107305 | Zig:24   | Identified the +5 spear "Zereedung" {spect, +Blink rElec
                  | Str+4}
107306 | Zig:24   | Identified the +3 ring mail of the Will of the Gods {rF+
                  | Str+3}
107363 | Zig:24   | Identified the +10 dagger "Ewohi" {vamp, rN+ MP+9}
107375 | Zig:25   | Entered Level 25 of a ziggurat
107391 | Zig:25   | Noticed a royal mummy
107392 | Zig:25   | Noticed a royal mummy
107393 | Zig:25   | Noticed a royal mummy
107394 | Zig:25   | Killed a royal mummy
107395 | Zig:25   | Noticed a royal mummy
107396 | Zig:25   | Killed a royal mummy
107396 | Zig:25   | Killed a royal mummy
107398 | Zig:25   | Noticed a royal mummy
107398 | Zig:25   | Noticed a royal mummy
107398 | Zig:25   | Noticed a royal mummy
107399 | Zig:25   | Killed a royal mummy
107400 | Zig:25   | Killed a royal mummy
107400 | Zig:25   | Noticed a royal mummy
107401 | Zig:25   | Killed a royal mummy
107401 | Zig:25   | Killed a royal mummy
107404 | Zig:25   | Noticed a royal mummy
107404 | Zig:25   | Noticed a royal mummy
107405 | Zig:25   | Killed a royal mummy
107405 | Zig:25   | Noticed a royal mummy
107405 | Zig:25   | Noticed a royal mummy
107406 | Zig:25   | Killed a royal mummy
107406 | Zig:25   | Noticed a royal mummy
107406 | Zig:25   | Noticed a royal mummy
107407 | Zig:25   | Killed a royal mummy
107407 | Zig:25   | Killed a royal mummy
107407 | Zig:25   | Killed a royal mummy
107407 | Zig:25   | Noticed a royal mummy
107410 | Zig:25   | Killed a royal mummy
107410 | Zig:25   | Killed a royal mummy
107410 | Zig:25   | Killed a royal mummy
107410 | Zig:25   | Noticed a royal mummy
107412 | Zig:25   | Noticed a royal mummy
107415 | Zig:25   | Killed a royal mummy
107415 | Zig:25   | Killed a royal mummy
107478 | Zig:25   | Identified the amulet "Sojeq" {Acrobat Str+3 SInv}
107549 | Zig:25   | Identified the +3 rapier of Iqidim {flame, Contam rElec
                  | Dex+7}
107553 | Zig:25   | Identified the +6 spear of Destruction {flame, rC+ Stlth+}
107566 | Zig:26   | Entered Level 26 of a ziggurat
107594 | Zig:26   | Paralysed by an air elemental for 1 turns
107620 | Zig:26   | Found the +8 storm bow {elec, penet}
107634 | Zig:26   | Identified the +9 battleaxe "Zoun" {freeze, rElec}
107636 | Zig:26   | Identified the ring of Deidoine {Fly rC- Will+ Int+6 Dex+5}
107659 | Zig:26   | Identified the +0 plate armour of Arphud {Str+7 Dex+6}
107682 | Zig:26   | Reached skill level 5 in Ice Magic
107684 | Zig:27   | Entered Level 27 of a ziggurat
107723 | Zig:27   | Reached skill level 27 in Earth Magic
107734 | Zig:27   | Found the +2 hood of the Assassin {Detection Stab+ Stlth++}
107734 | Zig:27   | Found the +14 obsidian axe {vorpal, Mesm Drain Fly SInv}
107737 | Zig:27   | Found the +8 arc blade {discharge, rElec}
107768 | Zig:27   | Identified the ring of Tiphiu {rPois rCorr Dex-5 Slay+3
                  | SInv}
107771 | Zig:27   | Identified the ring "Uqoekk" {rC+ Dex+2 SInv}
107777 | Zig:27   | Identified the ring "Acha" {Fire Fly}
107799 | Zig:27   | Identified the ring of Jisin {rCorr EV+4}
108212 | Dis:7    | Found the +4 staff of Dispater
108212 | Dis:7    | Noticed Dispater
108213 | Dis:7    | Noticed a juggernaut
108221 | Dis:7    | Killed a juggernaut
108224 | Dis:7    | Killed Dispater
108297 | Dis:7    | Got an iron rune of Zot
108568 | Tar:1    | Entered Level 1 of Tartarus
108730 | Tar:1    | Noticed an ancient lich
108864 | Tar:1    | Killed an ancient lich
109978 | Tar:4    | Noticed a dread lich
109987 | Tar:4    | Killed a dread lich
110274 | Tar:5    | Reached skill level 10 in Ice Magic
112072 | Tar:7    | Entered Level 7 of Tartarus
113059 | Tar:7    | Reached skill level 15 in Ice Magic
113970 | Tar:7    | Lost strength.
114144 | Zig:1    | Entered Level 1 of a ziggurat
114144 | Zig:1    | Noticed an orb of fire
114147 | Zig:1    | Killed an orb of fire
114189 | Zig:2    | Entered Level 2 of a ziggurat
114212 | Zig:2    | Identified the +7 battleaxe of Valiance {drain, Int+5}
114224 | Zig:3    | Entered Level 3 of a ziggurat
114251 | Zig:3    | Identified the +7 long sword of Mumma {flame, *Slow rElec
                  | rCorr SInv}
114255 | Zig:4    | Entered Level 4 of a ziggurat
114279 | Zig:4    | Identified the +7 war axe "Undertaker" {freeze, rC+}
114319 | Zig:5    | Entered Level 5 of a ziggurat
114343 | Zig:5    | Identified the +2 longbow of Trauma {vorpal, rElec}
114345 | Zig:5    | Identified the +9 great sword of Sumpous {drain, Str+4
                  | Int+3}
114353 | Zig:6    | Entered Level 6 of a ziggurat
114378 | Zig:6    | Identified the ring "Pohetig" {rC- rN+ Str+4 Int+4 SInv}
114386 | Zig:7    | Entered Level 7 of a ziggurat
114390 | Zig:7    | Noticed a royal mummy
114390 | Zig:7    | Noticed a royal mummy
114393 | Zig:7    | Killed a royal mummy
114395 | Zig:7    | Killed a royal mummy
114413 | Zig:7    | Identified the +1 pair of boots "Jog Moi" {rElec Stlth+}
114422 | Zig:8    | Entered Level 8 of a ziggurat
114517 | Zig:9    | Entered Level 9 of a ziggurat
114545 | Zig:9    | Identified the +3 quarterstaff "Sarcophage" {vorpal, *Noise
                  | rPois Dex+2}
114553 | Zig:9    | Identified the +0 pair of boots of the Lair of Beasts
                  | {Int+4}
114577 | Zig:10   | Entered Level 10 of a ziggurat
114596 | Zig:10   | Identified the +12 mace "Defuulas" {pain, *Noise rF+ rC+}
114662 | Zig:11   | Entered Level 11 of a ziggurat
114772 | Zig:12   | Entered Level 12 of a ziggurat
114783 | Zig:12   | Noticed an orb of fire
114783 | Zig:12   | Noticed an orb of fire
114785 | Zig:12   | Noticed an orb of fire
114786 | Zig:12   | Noticed an orb of fire
114787 | Zig:12   | Noticed an orb of fire
114788 | Zig:12   | Noticed an orb of fire
114789 | Zig:12   | Killed an orb of fire
114790 | Zig:12   | Killed an orb of fire
114791 | Zig:12   | Killed an orb of fire
114792 | Zig:12   | Killed an orb of fire
114793 | Zig:12   | Killed an orb of fire
114794 | Zig:12   | Killed an orb of fire
114805 | Zig:12   | Identified the ring of Pyvvux {rCorr Str+2 Int+6}
114872 | Zig:13   | Entered Level 13 of a ziggurat
114893 | Zig:13   | Found the +8 longbow "Zephyr" {speed, Dex+3 SInv}
114928 | Zig:13   | Identified the +11 shortbow "Cainif" {venom, Will- Int+5}
114934 | Zig:14   | Entered Level 14 of a ziggurat
115027 | Zig:14   | Identified the +5 hand axe of Qealees {flame, Dex+3}
115068 | Zig:15   | Entered Level 15 of a ziggurat
115084 | Zig:15   | Noticed a dread lich
115088 | Zig:15   | Noticed a dread lich
115088 | Zig:15   | Noticed an ancient lich
115089 | Zig:15   | Killed a dread lich
115090 | Zig:15   | Killed an ancient lich
115091 | Zig:15   | Killed a dread lich
115100 | Zig:15   | Identified the amulet "Gopsin" {Faith rC+ Str+7 Int-5}
115104 | Zig:15   | Identified the +1 pair of boots of the Spheres {rC+ MP+9
                  | Str+4}
115186 | Zig:16   | Entered Level 16 of a ziggurat
115206 | Zig:16   | Found the +10 tower shield of Ignorance {rN+ Int-4}
115249 | Zig:16   | Identified the ring "Zuip" {Fire Str+5 Dex+2}
115305 | Zig:16   | Identified the +12 dire flail of the Endless March {freeze,
                  | rF+ rN+ Dex+3}
115312 | Zig:17   | Entered Level 17 of a ziggurat
115342 | Zig:17   | Identified the ring of the Final Decision {Fire Will+ MP+9
                  | Int+4 SInv}
115377 | Zig:17   | Acquired 777 gold pieces
115410 | Zig:18   | Entered Level 18 of a ziggurat
115428 | Zig:18   | Noticed Equzineh the pandemonium lord
115428 | Zig:18   | Noticed Aseleto the pandemonium lord
115429 | Zig:18   | Noticed Quggium the pandemonium lord
115430 | Zig:18   | Noticed Umabb the pandemonium lord
115437 | Zig:18   | Killed Quggium the pandemonium lord
115450 | Zig:18   | Noticed Tahiliem the pandemonium lord
115450 | Zig:18   | Noticed Fynkaph the pandemonium lord
115450 | Zig:18   | Noticed Yfiajaan the pandemonium lord
115451 | Zig:18   | Killed Equzineh the pandemonium lord
115451 | Zig:18   | Killed Aseleto the pandemonium lord
115452 | Zig:18   | Killed Tahiliem the pandemonium lord
115453 | Zig:18   | Killed Yfiajaan the pandemonium lord
115454 | Zig:18   | Killed Umabb the pandemonium lord
115455 | Zig:18   | Killed Fynkaph the pandemonium lord
115455 | Zig:18   | Noticed Vulahan the pandemonium lord
115456 | Zig:18   | Noticed Ziamp the pandemonium lord
115461 | Zig:18   | Killed Ziamp the pandemonium lord
115461 | Zig:18   | Killed Vulahan the pandemonium lord
115463 | Zig:18   | Noticed Soujoix the pandemonium lord
115464 | Zig:18   | Noticed Poginok the pandemonium lord
115467 | Zig:18   | Killed Soujoix the pandemonium lord
115468 | Zig:18   | Killed Poginok the pandemonium lord
115616 | Zig:18   | Identified the +5 dagger "Pendulum" {freeze, Fly}
115641 | Zig:18   | Learned a level 9 spell: Death's Door
115641 | Zig:18   | Lost mutation: You sometimes lose the ability to read
                  | scrolls when taking damage. [potion of mutation]
115641 | Zig:18   | Lost mutation: You expend magic power (3 MP) to strengthen
                  | your wands. [potion of mutation]
115641 | Zig:18   | Lost mutation: Armour fits poorly on your strangely shaped
                  | body. [potion of mutation]
115641 | Zig:18   | Gained mutation: You have hidden genetic potential. [potion
                  | of mutation]
115641 | Zig:18   | Gained mutation: You possess an exceptional clarity of
                  | mind. [potion of mutation]
115641 | Zig:18   | Gained mutation: You sometimes lose the ability to read
                  | scrolls when taking damage. [potion of mutation]
115643 | Zig:19   | Entered Level 19 of a ziggurat
115839 | Zig:20   | Entered Level 20 of a ziggurat
115883 | Zig:20   | Found the ring of the Hare {EV+8}
115892 | Zig:20   | Identified the +10 dagger of Megalomania {vorpal, Str-3
                  | SInv Stlth+}
115893 | Zig:20   | Identified the +8 falchion of the Sugar Beet {flame, rCorr}
115899 | Zig:20   | Identified the +5 morningstar of Doom {speed, rElec}
115923 | Zig:20   | Identified the +4 plate armour "Dashruhun" {+Blink Str+2
                  | Dex+5}
115925 | Zig:20   | Identified the +6 chain mail of Slovenliness {rPois Dex+4}
115936 | Zig:21   | Entered Level 21 of a ziggurat
115949 | Zig:21   | Noticed a dread lich
115952 | Zig:21   | Killed a dread lich
115958 | Zig:21   | Noticed an ancient lich
115959 | Zig:21   | Noticed an ancient lich
115960 | Zig:21   | Killed an ancient lich
115960 | Zig:21   | Killed an ancient lich
115962 | Zig:21   | Noticed an ancient lich
115963 | Zig:21   | Noticed an ancient lich
115963 | Zig:21   | Noticed an ancient lich
115965 | Zig:21   | Killed an ancient lich
115965 | Zig:21   | Killed an ancient lich
115965 | Zig:21   | Killed an ancient lich
115990 | Zig:21   | Identified the +6 morningstar of Havoc {speed, Dex+4}
116006 | Zig:21   | Identified the +5 spear "Ityr" {vorpal, Will++}
116012 | Zig:21   | Identified the amulet "Qawesojo" {Acrobat Rampage}
116022 | Zig:21   | Identified the amulet "Usatah" {Reflect SH+5 Stlth+}
116033 | Zig:22   | Entered Level 22 of a ziggurat
116052 | Zig:22   | Reached skill level 27 in Armour
116052 | Zig:22   | Reached skill level 27 in Shields
116097 | Zig:22   | Identified the ring of Unticruj {rF- MP+9 Str+3 Int+6}
116156 | Zig:23   | Entered Level 23 of a ziggurat
116188 | Zig:23   | Reached skill level 10 in Stealth
116219 | Zig:23   | Found the +8 Wrath of Trog {antimagic, *Rage Rampage}
116394 | Zig:24   | Entered Level 24 of a ziggurat
116418 | Zig:24   | Noticed Pyresoto the pandemonium lord
116421 | Zig:24   | Killed Pyresoto the pandemonium lord
116436 | Zig:24   | Killed from afar by a Tzitzimitl

Illustrated notes

Levels and vault maps discovered:
D:1:      eino_arrival_cavern_d, layout_basic, nrook_loot_triangle,
          minmay_pentomino_x2
D:2:      layout_loops_ring, ebering_ecumenical_altar_sacrificial,
          roderic_three_in_a_row, st_stairs_6, guppyfry_early_lair_pool
D:3:      layout_basic, lemuel_coloured_pillars_altar, serial_rivers,
          chequers_serial_rivers_small_3, chequers_serial_rivers_small_a,
          chequers_serial_rivers_micro_a, chequers_serial_rivers_large_a,
          minmay_misc_feat_chi, nicolae_underground_beach, uniq_pargi,
          uniq_terence, uniq_crazy_yiuf_cottage, uniq_natasha
D:4:      layout_basic
D:5:      layout_cave_pods, serial_bayou_pond_d, dk_noncrumbling_3,
          hangedman_glass_teeth, minmay_misc_feat_plants, uniq_menkaure,
          uniq_duvessa
D:6:      layout_basic, minmay_temple_entry_grid, serial_shops,
          kennysheep_little_box, uniq_sigmund
D:7:      layout_cave_pods, zin_purify
D:8:      layout_basic, tso_oasis_becter, mainiacjoe_overflow_catwalk_spiral
D:9:      layout_irregular_city, grunt_temple_overflow_open, david_orc_4,
          corexii_leaking_fountain
D:10:     layout_basic, serial_shops, shop, serial_park_tiny_1
D:11:     layout_small_grid, erik_lair_orcish_takeover, serial_shops,
          shop_scrolls
D:12:     layout_basic
D:13:     layout_rooms, nemelex_lonely_heart_becter
D:14:     layout_roguey, erik_vaults_2, serial_shops,
          nicolae_shop_overgrown_old_shop, minivault_25, minmay_misc_feat_rugged
D:15:     grunt_enter_depths_hoard, layout_long_grid,
          nicolae_wu_jian_immortal_techniques
Temple:   corrupted_temple
Lair:1:   gammafunk_lair_enchanted_lake, layout_chaotic_city,
          gammafunk_ghost_necromancy, infiniplex_staircase_pool_2
Lair:2:   layout_roguey, st_stairs_3, serial_bayou_lake_a
Lair:3:   layout_cave_pods, elwin_shoals_entry_rocks,
          guppyfry_snake_entry_island, wad_woods_river_04, minmay_hedge_maze,
          cheibrodos_lair_reptile_den, uniq_snorg
Lair:4:   layout_roguey, gauntlet_entry_generic
Lair:5:   layout_cave_shapes, slime_dummy, infiniplex_staircase_pool,
          serial_bayou_shore_a, uniq_kirke
Lair:6:   gammafunk_lair_ancient_temple, layout_long_grid,
          nicolae_lair_grazing_beasts [nicolae_sub_lair_graze_edge,
          nicolae_sub_lair_graze_edge, nicolae_sub_lair_graze_edge,
          nicolae_sub_lair_graze_edge]
Shoals:1: layout_shoals, nicolae_shoals_flooded_hall
Shoals:2: layout_shoals
Shoals:3: layout_shoals, serial_shops, nicolae_diamond_shop,
          nicolae_shoals_so_close, uniq_mara
Shoals:4: shoals_end_grunt_ice, layout_shoals, serial_nicolae_subway,
          nicolae_sub_station_metal, nicolae_sub_station_crystal,
          nicolae_sub_station_stone
Snake:1:  layout_concentric_octagons, uniq_mlioglotl, uniq_asterion
Snake:2:  layout_onion_interference, serial_bayou_shore_b, minmay_shop_grove,
          uniq_azrael, uniq_agnes
Snake:3:  nicolae_snake_unarmed_stairs_patrol, layout_rooms, serial_shops,
          shop_fountains, nicolae_snake_dead_anacondas, serial_bayou_shore_b,
          grunt_megastairs_5
Snake:4:  hellmonk_snake_rune_quicksilver_temple, layout_layer_cave,
          portal_ice_cave_entry_ice_statue_two, grunt_megastairs_1
Orc:1:    layout_caves, mines4_lemuel, uniq_harold, uniq_urug, uniq_fannar
Orc:2:    st_orc_elflike, layout_caves
Elf:1:    layout_gridlike, minivault_28, nrook_uturn
Elf:2:    nicolae_elf_blades_crystal_corner, layout_gridlike,
          infiniplex_enter_wizlab_glasses, nicolae_trove_entry_isolated,
          special_room [special_room_orc], uniq_saint_roka
Elf:3:    grunt_elf_hall_spiral, layout_loops_ring, uniq_donald
Vaults:1: v_misc_22, nicolae_vaults_triangles, vaults_dpeg_encased_lava,
          hangedman_vaults_capsules, v_misc_8, nicolae_vaults_an_arrangement,
          nicolae_vaults_yaktaur_gun_rack, nicolae_vaults_gold_heap,
          vaults_room_stairs_pillars, vaults_room_grunt_arrival_checkpoint,
          layout_vaults_omnigrid, serial_shops, bzr_entry_customers
Vaults:2: ebering_ghost_disaster_area, nicolae_vaults_little_squares_4,
          nicolae_vaults_specimen_jars, ontoclasm_vaults_ring_large,
          ontoclasm_vaults_bender, v_rooms_4, v_misc_33, v_misc_2,
          ontoclasm_vaults_ring_large, ontoclasm_vaults_loading_screen,
          nicolae_vaults_diagonal_hallway_6, layout_vaults_omnicross,
          serial_shops, bzr_entry_lakeside
Vaults:3: minmay_crypt_entry_simple_plaza, hangedman_vaults_trim, v_misc_33,
          ontoclasm_vaults_pinch, grunt_vaults_diagonal, v_misc_27,
          ontoclasm_vaults_loading_screen, vaults_mumra_lcd,
          nicolae_vaults_windows_and_doors_thing, v_misc_13, v_misc_1,
          ontoclasm_vaults_fault, v_misc_13, nicolae_vaults_alarming,
          vaults_room_door_ring, layout_vaults_omnibox, serial_shops,
          nicolae_shop_advertising_works [nicolae_subvault_shop_adworks]
Vaults:4: hangedman_vaults_corner, v_pattern_5, v_misc_33,
          hangedman_vaults_stitches, v_alt_pattern_1, v_rooms_4, v_misc_33,
          ontoclasm_vaults_ring_square, vaults_room_stairs_pillars,
          layout_vaults_ring
Vaults:5: serial_shops, uniq_mennas, uniq_margery
Crypt:1:  layout_chaotic_city, grunt_crypt_arrival_split
Crypt:2:  layout_chaotic_city, gammafunk_ghost_crypt, uniq_boris
Crypt:3:  evilmike_haunted_forest
Depths:1: evilmike_horseshoe, layout_gridlike, hell_entry, serial_shops,
          shop_coins, abyss_entry, lemuel_nasty_fountain,
          kennysheep_random_hallway
Depths:2: minmay_box_of_statues, layout_gridlike,
          grunt_hell_entry_demonic_statue, abandoned_shop, pan_entry,
          ldierk_geyser, infiniplex_staircase_zigzag_3
Depths:3: kennysheep_bubbly, layout_gridlike, enter_ziggurat_f,
          kennysheep_flooded_box, abyss_entry, hell_entry,
          minmay_staircase_windowed_small, minmay_shoptagon
Depths:4: grunt_runaround [grunt_runaround_doors_1, grunt_runaround_doors_2,
          grunt_runaround_doors_3, grunt_runaround_doors_4,
          grunt_runaround_zot], serial_shops, hell_entry
Hell
Dis:1:    layout_regular_city
Dis:2:    layout_subdivisions
Dis:3:    layout_gridville
Dis:4:    layout_regular_city
Dis:5:    layout_gridville
Dis:6:    layout_jigsaw
Dis:7:    dis_st
Coc:1:    layout_cocytus_delve
Coc:2:    layout_cocytus_water_paths
Coc:3:    layout_ice_bergs, serial_ice, serial_ice_h, serial_ice_e, serial_ice_a
Coc:4:    layout_ice_bergs
Coc:5:    layout_cocytus_delve
Coc:6:    layout_cocytus_delve
Coc:7:    coc_grunt
Tar:1:    layout_honeycomb, nicolae_tar_honey_rotating
Tar:2:    layout_honeycomb
Tar:3:    layout_catacombs, nicolae_hells_hurtin_island
Tar:4:    layout_catacombs
Tar:5:    layout_grid_maze
Tar:6:    layout_honeycomb, nicolae_tar_four_comb_rooms
Tar:7:    tar_minmay_river
Zot:1:    kennysheep_blocky_room, layout_cathedral_of_symmetry
Zot:2:    kennysheep_spiral_hall, layout_misc_corridors
Zot:3:    hangedman_zot_vaults_quadrants, layout_onion_interference
Zot:4:    layout_concentric_octagons
Zot:5:    layout_twisted_circle, grunt_ministairs_10, lemuel_golem_globe
Zig:24

Skill      XL: |  1  2  3  4  5  6  7  8  9 10 11 12 13 14 15 16 17 18 19 20 21 22 23 24 25 26 27 |
---------------+----------------------------------------------------------------------------------+-----
Transmutations | 1 2 3 5 6 7 9 10 11 12 16 | 16.7
Earth Magic    | 4 5 6 7 8 9 11 12 13 14 15 18 27 | 27.0
Spellcasting   | 3 4 5 6 8 9 11 13 14 15 16 17 19 21 22 23 24 27 | 27.0
Conjurations   | 1 2 3 4 6 7 9 10 11 12 13 14 15 24 | 24.0
Fighting       | 1 3 4 6 8 9 11 12 13 15 17 27 | 27.0
Armour         | 3 4 6 7 8 9 10 11 12 15 27 | 27.0
Shields        | 3 7 10 12 13 15 17 27 | 27.0
Fire Magic     | 2 4 6 7 9 12 24 | 24.0
Dodging        | 3 12 | 12.6
Stealth        | 3 11 | 11.7
Staves         | 2 4 6 12 | 12.9
Necromancy     | 2 3 6 7 9 10 11 12 24 | 24.0
Ice Magic      | 21 | 21.0

Action                   |  1- 3 |  4- 6 |  7- 9 | 10-12 | 13-15 | 16-18 | 19-21 | 22-24 | 25-27 || total
-------------------------+-------+-------+-------+-------+-------+-------+-------+-------+-------++-------
Melee: Whip              |    25 |       |       |       |       |       |       |       |       ||    25
       Unarmed           |    14 |       |       |       |       |       |       |       |       ||    14
       Dagger            |    70 |       |    13 |   144 |   538 |    33 |       |       |       ||   798
       Short sword       |    44 |     4 |       |       |       |       |       |       |       ||    48
       Punch             |     2 |     3 |       |     3 |    12 |       |       |       |       ||    20
       Flail             |       |   163 |   118 |       |       |       |       |       |       ||   281
       Staff             |       |       |       |       |       |   232 |   127 |   163 |   616 ||  1138
       Falchion          |       |       |       |       |       |       |     6 |   132 |       ||   138
       Bite              |       |       |       |       |       |       |    23 |    76 |       ||    99
       Headbutt          |       |       |       |       |       |       |       |       |   132 ||   132
 Cast: Sandblast         |    23 |    12 |    43 |    80 |    92 |     9 |    38 |     4 |     6 ||   307
       Stone Arrow       |       |       |    50 |   175 |   467 |   201 |    62 |     6 |     8 ||   969
       Mephitic Cloud    |       |       |     2 |    41 |   159 |    19 |       |       |       ||   221
       Passwall          |       |       |       |     1 |       |     5 |       |       |     3 ||     9
       Lee's Rapid Decon |       |       |       |       |    15 |       |     4 |       |       ||    19
       Fireball          |       |       |       |       |    42 |    40 |     7 |       |       ||    89
       Freezing Cloud    |       |       |       |       |     3 |   149 |   110 |    18 |    35 ||   315
       Starburst         |       |       |       |       |     3 |     4 |       |     1 |       ||     8
       Borgnjor's Vile C |       |       |       |       |       |   256 |   306 |   178 |   548 ||  1288
       Iron Shot         |       |       |       |       |       |       |   191 |   310 |   568 ||  1069
       Lehudib's Crystal |       |       |       |       |       |       |    11 |    16 |   199 ||   226
       Ignition          |       |       |       |       |       |       |       |    44 |   226 ||   270
       Shatter           |       |       |       |       |       |       |       |     2 |   279 ||   281
       Fire Storm        |       |       |       |       |       |       |       |       |   217 ||   217
       Necromutation     |       |       |       |       |       |       |       |       |   155 ||   155
       Polar Vortex      |       |       |       |       |       |       |       |       |    11 ||    11
 Abil: End Transformatio |       |       |       |       |       |       |       |       |    27 ||    27
Evoke: Wand              |       |       |       |     7 |    14 |     2 |       |       |     7 ||    30
       Condenser vane    |       |       |       |       |       |     1 |       |       |       ||     1
       Box of beasts     |       |       |       |       |       |       |       |       |     1 ||     1
       Figurine of a zig |       |       |       |       |       |       |       |       |     1 ||     1
  Use: Scroll            |       |       |     6 |     5 |    11 |    12 |    14 |     4 |    23 ||    75
       Potion            |       |       |       |       |     1 |       |     2 |     3 |    40 ||    46
 Stab: Sleeping          |     7 |     2 |       |       |       |     1 |       |       |     2 ||    12
       Confused          |       |       |       |     3 |    34 |     2 |       |       |       ||    39
       Petrified         |       |       |       |       |     4 |       |       |       |       ||     4
Armor: Robe              |    32 |       |       |       |     4 |    32 |       |       |       ||    68
       Ring mail         |    15 |    59 |       |       |       |       |       |       |       ||    74
       Plate armour      |     2 |       |       |       |       |       |       |       |       ||     2
       Troll leather arm |       |    50 |   125 |   106 |   452 |   281 |       |       |       ||  1014
       Quicksilver drago |       |       |       |       |       |    44 |   193 |   378 |  1207 ||  1822
Dodge: Dodged            |   111 |   121 |   140 |   105 |   333 |   175 |   112 |   176 |   487 ||  1760
Block: Kite shield       |       |       |       |       |   253 |   318 |   208 |   277 |   508 ||  1564
       Reflection        |       |       |       |       |       |       |    35 |    14 |    79 ||   128
       Tower shield      |       |       |       |       |       |       |       |       |   685 ||   685
